 Dungeon Crawl Stone Soup version 0.30-a0-222-ge547ba4400 (webtiles) character file.

Game seed: 2486828293168756216

484340 qw the Slayer (level 24, -4/171 HPs)
             Began as a Gargoyle Fighter on Oct 8, 2022.
             Was a High Priest of Okawaru.
             Shot with a bolt by a yaktaur captain (20 damage)
             ... on level 5 of the Vaults.
             The game lasted 00:26:21 (48904 turns).

qw the Slayer (Gargoyle Fighter)                   Turns: 48904, Time: 00:26:21

Health: -4/171     AC: 66    Str: 37    XL:     24   Next: 92%
Magic:  21/21      EV: 16    Int:  9    God:    Okawaru [*****.]
Gold:   2226       SH: 31    Dex: 14    Spells: 23/23 levels left

rFire   + + .      SeeInvis .    m - +10 broad axe of Demonkind {vorpal, Str+2}
rCold   + + .      Faith    .    C - +1 tower shield {AC+3}
rNeg    + . .      Spirit   .    Q - +1 plate armour "Qoaptewe" {Rampage rF+ Regen+ Str+3}
rPois   inf        Reflect  +    t - +1 hat "Leqicoi" {rC++ Will+++ MP-9 Dex+2}
rElec   +          Harm     .    k - +2 cloak
rCorr   +          Rampage  +    y - +2 pair of gloves
Will    +++++                    J - +2 pair of boots of the Storm King {Dex+3}
Stlth   ..........               p - amulet of reflection
HPRegen 1.28/turn                P - ring of Raahicze {rPois rF+ AC+4 Slay+3}
MPRegen 0.17/turn                n - ring "Fuduzaus" {Drain rElec rPois rCorr AC+4}

@: about to teleport, heroic, flying
A: sickness immunity, AC +18, big wings, negative energy resistance 1,
electricity resistance, torment resistance 1, petrification resistance,
strong-willed 1, screaming 1, evolution 1
}: 2/15 runes: serpentine, barnacled
a: Renounce Religion, Heroism, Finesse, Duel


You were on level 5 of the Vaults.
You worshipped Okawaru.
Okawaru was extremely pleased with you.
You visited 7 branches of the dungeon, and saw 39 of its levels.
You also visited: Gauntlet and Wizlab.

You collected 4811 gold pieces.
You spent 2585 gold pieces at shops.


Innate Abilities, Weirdness & Mutations

You are immune to sickness and miasma.
Your stone body is resilient. (AC +18)
You are immune to poison.
Your large and strong wings let you fly.
You resist negative energy. (rN+)
You are resistant to electric shocks. (rElec)
You are resistant to unholy torment.
You are immune to petrification.
You are strong-willed. (Will+)
You occasionally shout uncontrollably at your foes.
You have hidden genetic potential.


   Skills:
 + Level 23.2(27) Fighting
 - Level 18.0(23.0) Axes
 - Level 12.0(17.0) Throwing
 - Level 22.0(27) Armour
 - Level 10.0(15.0) Dodging
 - Level 22.0(27) Shields
 - Level 10.0 Invocations


You had 23 spell levels left.
You didn't know any spells.
Your spell library was empty.

Inventory:

Hand Weapons
 m - the +10 broad axe of Demonkind (weapon) {vorpal, Str+2}
   (Okawaru gifted it to you on level 5 of the Lair of Beasts)

   It inflicts extra damage upon your enemies.
   Str:       It affects your strength (+2).
Missiles
 w - 40 boomerangs
 F - 8 silver boomerangs
 H - 12 javelins (quivered)
 K - 5 boomerangs of dispersal
Armour
 a - the +9 fire dragon scales of the Arcane {rF++ rC- Int+4}
   (You found it on level 4 of the Shoals)

   Int:       It affects your intelligence (+4).
   rF:        It greatly protects you from fire.
   rC:        It makes you vulnerable to cold.
 k - a +2 cloak (worn)
 r - +0 acid dragon scales
 t - the +1 hat "Leqicoi" (worn) {rC++ Will+++ MP-9 Dex+2}
   (Okawaru gifted it to you on level 2 of the Lair of Beasts)

   Dex:       It affects your dexterity (+2).
   rC:        It greatly protects you from cold.
   MP:        It affects your magic capacity (-9).
   Will:      It greatly increases your willpower.
 y - a +2 pair of gloves (worn)
 z - +0 gold dragon scales
 C - a +1 tower shield of protection (worn)
 D - the +0 helmet of the Vestibule of Hell {rPois Will+ Str+4}
   (You bought it in a shop on level 2 of the Orcish Mines)

   Str:       It affects your strength (+4).
   rPois:     It protects you from poison.
   Will:      It increases your willpower.
 E - the +18 shield of the Gong {rElec rN+ Will+ EV-5}
   (You found it on level 1 of the Shoals)

   It is deafeningly noisy when blocking attacks.
   EV:        It affects your evasion (-5).
   rElec:     It insulates you from electricity.
   rN:        It protects you from negative energy.
   Will:      It increases your willpower.
 J - the +2 pair of boots of the Storm King (worn) {Dex+3}
   (Okawaru gifted it to you on level 2 of the Shoals)

   Dex:       It affects your dexterity (+3).
 N - the +1 helmet of Death's Door {rN+ Dex+3}
   (Okawaru gifted it to you on level 4 of the Vaults)

   Dex:       It affects your dexterity (+3).
   rN:        It protects you from negative energy.
 Q - the +1 plate armour "Qoaptewe" (worn) {Rampage rF+ Regen+ Str+3}
   (Okawaru gifted it to you on level 1 of the Depths)

   Str:       It affects your strength (+3).
   rF:        It protects you from fire.
   Regen:     It increases your rate of health regeneration.
   Rampage:   It bestows one free step when moving towards enemies.
Jewellery
 j - a ring of protection from cold
 l - the amulet of Fomopp Duast {RegenMP Will+++ rCorr Dex+3}
   (You took it off a deep elf demonologist on level 2 of the Depths)

   [amulet of magic regeneration]

   It increases your rate of magic regeneration.
   Dex:       It affects your dexterity (+3).
   rCorr:     It protects you from acid and corrosion.
   Will:      It greatly increases your willpower.
 n - the ring "Fuduzaus" (right hand) {Drain rElec rPois rCorr AC+4}
   (You took it off a frost giant on level 4 of the Vaults)

   [ring of protection]

   AC:        It affects your AC (+4).
   rElec:     It insulates you from electricity.
   rPois:     It protects you from poison.
   rCorr:     It protects you from acid and corrosion.
   Drain:     It drains your maximum health when unequipped.
 p - an amulet of reflection (around neck)
 q - a ring of resist corrosion
 v - the ring "Zoxaw" {Ice Str+3}
   (You found it in a wizard's laboratory)

   [ring of ice]

   It enhances your ice magic.
   Str:       It affects your strength (+3).
   rF:        It makes you vulnerable to fire.
   rC:        It protects you from cold.
 G - the ring "Ryehen" {rF+ rN+ Str+2 Int-5 Dex+7}
   (You found it in a wizard's laboratory)

   [ring of protection from fire]

   Str:       It affects your strength (+2).
   Int:       It affects your intelligence (-5).
   Dex:       It affects your dexterity (+7).
   rF:        It protects you from fire.
   rN:        It protects you from negative energy.
 P - the ring of Raahicze (left hand) {rPois rF+ AC+4 Slay+3}
   (You bought it in a shop on level 1 of the Depths)

   [ring of protection]

   AC:        It affects your AC (+4).
   Slay:      It affects your accuracy & damage with ranged weapons and melee
   (+3).
   rF:        It protects you from fire.
   rPois:     It protects you from poison.
Scrolls
 e - 23 scrolls of identify
 g - 11 scrolls of teleportation
 s - 6 scrolls of enchant weapon
 O - a scroll of brand weapon
Potions
 b - 14 potions of curing
 c - 6 potions of cancellation
 d - 7 potions of might
 f - 12 potions of haste
 h - a potion of resistance
 i - 7 potions of mutation
 o - 7 potions of attraction
 u - 4 potions of magic
 x - 5 potions of lignification
 B - 7 potions of heal wounds

Dungeon Overview and Level Annotations

Branches:
Dungeon (15/15)            Temple (0/1) D:7            Lair (5/5) D:8
 Shoals (4/4) Lair:2        Snake (4/4) Lair:2        Slime (0/5) Lair:5
    Orc (2/2) D:12            Elf (0/3) Orc:2        Vaults (5/5) D:14
  Crypt (0/3) Vaults:3     Depths (4/4) D:15            Zot (0/5) Depths:4
 WizLab (visited)         Gauntlet (visited)

Altars:
Ashenzari
Cheibriados
Elyvilon
Fedhas
Gozag
Hepliaklqana
Makhleb
Nemelex Xobeh
Okawaru
Ru
Sif Muna
Trog
Uskayaw
Vehumet
Xom
Yredelemnul
Jiyva

Shops:
D:12 [   D:13 *   Orc:1 *   Orc:2 (:*[   Shoals:4 *   Snake:4 (   Vaults:4 (
Depths:1 (*   Depths:3 :

Portals:
Hell: Depths:1 Depths:2 Depths:3 Depths:4
Abyss: Depths:2 Depths:3
Pandemonium: Depths:2 Depths:3
Ziggurat: Depths:2
Trove: D:13 (give 17 potions of curing)

Annotations:
D:6 3 runed translucent doors, qw's ghost, amateur GrFi
D:7 2 transporters, 1 runed translucent door, Crazy Yiuf; qw's ghost, novice GrFi
D:9 1 runed translucent door, qw's ghost, journeyman GrFi
Lair:1 1 runed translucent door
Snake:1 2 transporters, qw's ghost, adept GrFi
Depths:3 4 runed translucent doors, qw's ghost, veteran GrFi


Message History

The vault sentinel closely misses you. You block the orc knight's attack.
You block the titan's attack. You block the sphinx's attack. x2
The sphinx hits you but does no damage.
You hit the titan.
The titan is almost dead.
You miss something. You carve the sphinx like a ham!!!
You slice the tengu reaver!! You slice the vault sentinel!!
You hear a deafening roar!
You block something's attack.
The vault warden shoots a bolt.
You reflect the bolt off an invisible shield around you!
The bolt hits the vault warden!!!
The yaktaur shoots a bolt.
The bolt hits you! You block the tengu reaver's attack.
The tengu reaver pecks you but does no damage.
The tengu reaver misses you.
A storm dragon comes into view.
48903 ||| READING 12 scrolls of teleportation.
As you read the scroll of teleportation, it crumbles to dust.
You feel strangely unstable.
Something hits you but does no damage. x2; You block the sphinx's attack. x2
The sphinx closely misses you.
The vault sentinel gestures at you while chanting.
You resist with almost no effort. You block the orc warrior's attack.
The titan hits you!!
A yaktaur comes into view. It is carrying a wand of acid (6).
The orc knight hits you but does no damage.
The yaktaur captain shoots a bolt.
The bolt hits you!
The yaktaur shoots a bolt.
The bolt hits you but does no damage. You block the tengu reaver's attack.
The tengu reaver pecks you but does no damage.
You block the tengu reaver's attack.
48904 ||| DRINKING 8 potions of heal wounds.
You feel much better.
The orc knight no longer looks unusually strong.
Something hits you but does no damage. You block something's attack.
The sphinx barely misses you. You block the sphinx's attack. x2
The vault sentinel misses you. You block the orc warrior's attack.
The orc knight hits you from afar with a +0 glaive!
A yaktaur comes into view.
The titan closely misses you.
The yaktaur captain shoots a bolt.
The bolt hits you!!
You die...

.#.. #....# ...
#.#.##....#....
..#.#....#....
#...........
#####........###
......oo[!......
.......Hpp......
......WQ@)<.....
......[)C<......
#####.)......###
#c.........#
#Dc.#....#.#:#
c...##....##.#.
..c.# #....# #.#
.... #....# ##


You could see a titan, a storm dragon, a sphinx, a vault warden, a tengu reaver,
a yaktaur captain, an orc knight, a vault sentinel, 3 yaktaurs, a freezing
wraith and an orc warrior (strong).

Vanquished Creatures
  3 dread liches (Vaults:4)
  An ancient lich (Vaults:4)
  Xtahua (Vaults:3)
  3 golden dragons
  Rupert (Orc:2)
  A hellephant (Depths:1)
  A walking crystal tome (Depths:2)
  2 liches (Depths:2)
  A quicksilver dragon (Vaults:5)
  A moon troll (WizLab)
  Polyphemus (Shoals:3)
  A kraken (Shoals:1)
  4 titans
  9 tentacled starspawn (WizLab)
  3 sphinxes
  6 shadow dragons
  3 storm dragons
  A tengu reaver (Vaults:4)
  Donald (Orc:2)
  Ilsuiw (Shoals:4)
  10 fire giants
  A deep elf sorcerer (Vaults:4)
  5 nagarajas
  10 frost giants
  2 cacodemons (WizLab)
  18 vault wardens
  3 spectral caustic shrikes (Depths:2)
  2 spriggan defenders
  3 orc warlords
  A draconian shifter (Depths:4)
  10 ironbound thunderhulks
  A reaper (Depths:3)
  3 war gargoyles
  26 ironbound preservers
  31 very ugly things
  A green draconian (Depths:4)
  2 vampire knights
  15 stone giants
  A deep elf annihilator (Vaults:2)
  8 dire elephants
  2 deep elf demonologists (Depths:2)
  A purple draconian (Depths:4)
  2 yellow draconians (Depths:4)
  A minotaur (Gauntlet)
  9 spark wasps
  11 ettins
  10 fire dragons
  4 crystal guardians
  A deep elf death mage (Vaults:5)
  Snorg (D:12)
  7 merfolk impalers
  9 merfolk javelineers
  13 yaktaur captains
  2 deep elf high priests
  4 entropy weavers
  11 great orbs of eyes
  5 ice dragons
  12 spriggan air magi
  A rakshasa (Depths:2)
  2 peacekeepers (Vaults:4)
  8 merfolk avatars
  3 hydras
  Erica (D:9)
  Erolcha (D:9)
  7 ironbound frosthearts
  4 boulder beetles
  3 salamander tyrants (Snake:4)
  6 anacondas
  33 vault guards
  A catoblepas (Shoals:3)
  2 ogre magi
  27 centaur warriors
  3 merfolk aquamancers (Shoals:4)
  A two-headed ogre (shapeshifter) (Depths:2)
  2 death knights (Vaults:3)
  An alligator snapping turtle (Shoals:3)
  21 two-headed ogres
  6 deep troll shamans
  2 vampire magi
  4 satyrs
  Urug (D:12)
  8 orc high priests
  21 death yaks
  8 hell hogs (Depths:1)
  12 spriggan berserkers
  14 hell knights
  10 deep troll earth magi
  27 naga warriors
  17 naga sharpshooters
  7 shock serpents
  5 spriggans
  Sonja (D:13)
  A sun demon (Depths:2)
  A sixfirhy (Depths:2)
  7 salamander mystics
  A shadow wraith (Vaults:3)
  12 iron trolls
  A wretched star (WizLab)
  78 deep trolls
  3 shadow demons (Depths:2)
  10 sea snakes
  6 glowing orange brains
  10 lindwurms
  An orange crystal statue (WizLab)
  15 orc knights
  7 naga ritualists
  A tengu zombie (Vaults:1)
  4 phantasmal warriors (Vaults:4)
  15 ironbound convokers
  A lindwurm (shapeshifter) (Vaults:4)
  2 wizards
  26 harpies
  7 necromancers
  11 mana vipers
  A mana viper (shapeshifter) (Vaults:4)
  8 orc sorcerers
  27 fauns
  13 manticores
  5 cyclopes
  25 ugly things
  A fire giant zombie (Vaults:1)
  16 salamanders
  A cyclops (shapeshifter) (Depths:2)
  4 guardian serpents
  9 merfolk sirens
  30 black mambas
  A centaur zombie (D:15)
  9 water nymphs
  A smoke demon (Depths:3)
  An elephant (shapeshifter) (Vaults:4)
  5 eyes of devastation (WizLab)
  17 naga magi
  18 vault sentinels
  18 elephants
  A rust devil (Depths:3)
  2 torpor snails
  A centaur skeleton (D:15)
  Maggie (D:7)
  Psyche (D:11)
  10 cane toads
  2 gargoyles (D:11)
  6 rime drakes
  An unseen horror (D:12)
  An efreet (D:15)
  40 yaktaurs
  A freezing wraith (Vaults:4)
  5 komodo dragons
  5 kobold demonologists
  An ice devil (Depths:3)
  2 tengu conjurers (Depths:2)
  5 red devils
  8 hornets
  3 polar bears
  28 merfolk
  10 trolls
  10 wind drakes
  An ettin zombie (Depths:1)
  A spriggan zombie (Depths:1)
  13 slime creatures
  A harpy skeleton (D:15)
  A wolf spider simulacrum (D:15)
  4 dream sheep (Shoals:1)
  7 snapping turtles
  A fire giant simulacrum (Depths:1)
  A culicivora (Vaults:3)
  A meliai zombie (D:15)
  Sigmund (D:4)
  58 yaks
  6 wyverns
  A jumping spider (Vaults:3)
  A ynoxinul (Depths:2)
  21 water elementals
  10 humans (D:14)
  2 golden eyes (WizLab)
  2 large abominations (Gauntlet)
  2 basilisks
  A redback (shapeshifter) (Vaults:4)
  An elf zombie (Vaults:1)
  4 neqoxecs
  4 steam dragons
  12 vampire mosquitoes
  A chaos spawn (Depths:3)
  6 redbacks
  15 water moccasins
  A glowing shapeshifter zombie (Depths:1)
  49 nagas
  An acid dragon (D:12)
  5 wargs
  A sky beast (D:8)
  56 orc warriors
  A black bear (D:7)
  A hornet zombie (D:15)
  An ice beast (D:6)
  19 ogres
  2 boggarts (Depths:2)
  11 starcursed masses (WizLab)
  16 wolves
  13 centaurs
  A phantom (D:6)
  6 kobold brigands
  A human zombie (Vaults:1)
  Blork the orc (D:5)
  10 bullfrogs
  A necrophage (D:5)
  A gnoll sergeant (D:8)
  8 scorpions
  A human simulacrum (Depths:1)
  2 wights
  20 killer bees
  5 howler monkeys
  7 electric eels
  3 small abominations (Gauntlet)
  10 hounds
  37 orc priests
  2 gnoll boudas
  7 iguanas
  31 orc wizards
  Ijyb (D:4)
  4 hell rats (D:14)
  A statue (D:12)
  17 gnolls
  7 adders
  A shadow imp (D:6)
  An ufetubus (D:5)
  A worm (D:2)
  3 dart slugs
  136 orcs
  3 endoplasms
  3 giant cockroaches
  14 goblins
  8 hobgoblins
  7 jackals (D:1)
  4 quokkas
  4 ball pythons
  5 bats
  4 frilled lizards (D:1)
  14 kobolds
  6 rats
  13 starspawn tentacles (WizLab)
  4 tentacles (Shoals:1)
1918 creatures vanquished.

Vanquished Creatures (others)
  A shadow dragon (Vaults:5)
  A merfolk aquamancer (Shoals:3)
  A naga sharpshooter (Snake:1)
  A human (D:14)
  An orc warrior (Vaults:5)
  A killer bee (D:9)
  2 orcs (Vaults:5)
  5 demonic plants (WizLab)
  33 fungi
  128 plants
  9 starspawn tentacles (WizLab)
  2 tentacles (Shoals:1)
  4 withered plants (Depths:1)
189 creatures vanquished.

Grand Total: 2107 creatures vanquished

Notes
Turn   | Place    | Note
-------+----------+-------------------------------------------
     0 | D:1      | qw the Gargoyle Fighter began the quest for the Orb.
     0 | D:1      | Reached XP level 1. HP: 14/14 MP: 1/1
     0 | D:1      | 0 ||| qw: Version: 0.2-a-17-g06abaee
     0 | D:1      | 0 ||| qw: Game counter: 2041
     0 | D:1      | 0 ||| qw: Always use a shield: true
     0 | D:1      | 0 ||| qw: God list: Okawaru
     0 | D:1      | 0 ||| qw: Allow faded altars: false
     0 | D:1      | 0 ||| qw: Do Orc after D:15 true
     0 | D:1      | 0 ||| qw: Do second Lair branch before Depths: true
     0 | D:1      | 0 ||| qw: Lair rune preference: random
     0 | D:1      | 0 ||| qw: Plans: Normal, Zot:1-4, God:TSO, Crypt, Tomb,
                  | Pan, Slime:5, Hells, Abyss, Orb
     0 | D:1      | 0 ||| PLANNING D:1-11
   166 | D:1      | Reached XP level 2. HP: 19/19 MP: 2/2
   307 | D:1      | 307 ||| Stepping ~*~*~tactically~*~*~ (stealth).
   308 | D:1      | 308 ||| Stepping ~*~*~tactically~*~*~ (stealth).
   378 | D:1      | Reached skill level 3 in Axes
   465 | D:1      | 465 ||| Stepping ~*~*~tactically~*~*~ (stealth).
   467 | D:1      | 467 ||| Stepping ~*~*~tactically~*~*~ (stealth).
   485 | D:1      | Reached XP level 3. HP: 23/23 MP: 3/3
   683 | D:1      | 683 ||| READING scroll labelled IMMAWA GELEUNIO.
   684 | D:1      | 684 ||| READING 2 scrolls labelled KOUTAUCUXI.
   689 | D:1      | 689 ||| READING scroll labelled ASASIM WIMU.
   690 | D:1      | 690 ||| READING scroll labelled DICHADO ASYIT.
   691 | D:1      | 691 ||| READING scroll labelled OLEREOMIPT.
   709 | D:1      | 709 ||| READING scroll labelled QIEFAIDESE.
   789 | D:2      | Found a sacrificial altar of Ru.
   880 | D:2      | 880 ||| UPGRADING to +0 pair of boots.
   885 | D:2      | 885 ||| Stepping randomly (stuck).
   886 | D:2      | 886 ||| Stepping randomly (stuck).
   954 | D:2      | 954 ||| DROPPING +0 whip.
  1253 | D:2      | You fall into a shaft and drop 2 floors!
  1280 | D:4      | 1280 ||| Stepping ~*~*~tactically~*~*~ (stealth).
  1353 | D:4      | Reached XP level 4. HP: 26/28 MP: 4/4
  1449 | D:4      | Reached XP level 5. HP: 15/32 MP: 5/5
  1636 | D:4      | 1636 ||| Stepping ~*~*~tactically~*~*~ (stealth).
  1637 | D:4      | 1637 ||| Stepping ~*~*~tactically~*~*~ (stealth).
  1639 | D:4      | 1639 ||| Stepping ~*~*~tactically~*~*~ (stealth).
  1641 | D:4      | 1641 ||| Stepping ~*~*~tactically~*~*~ (stealth).
  1736 | D:4      | Noticed Ijyb
  1737 | D:4      | 1737 ||| Stepping ~*~*~tactically~*~*~ (hiding).
  1739 | D:4      | 1739 ||| Stepping ~*~*~tactically~*~*~ (hiding).
  1754 | D:4      | Killed Ijyb
  1755 | D:4      | Reached XP level 6. HP: 28/38 MP: 6/6
  1793 | D:4      | 1793 ||| UPGRADING to +0 chain mail.
  1803 | D:4      | 1803 ||| DROPPING +0 scale mail.
  1804 | D:4      | 1804 ||| UPGRADING to +0 cloak.
  1809 | D:4      | 1809 ||| UPGRADING to +6 ring of dexterity.
  1810 | D:4      | 1810 ||| READING scroll labelled IXAENU YQOITZ.
  1811 | D:4      | 1811 ||| DRINKING 2 grey potions.
  1811 | D:4      | Gained mutation: Your mind is acute. (Int +4, Str/Dex -1)
                  | [potion of mutation]
  1988 | D:3      | 1988 ||| READING 2 scrolls of identify.
  1988 | D:3      | 1988 ||| IDENTIFYING murky white potion
  1989 | D:3      | 1989 ||| DROPPING potion of berserk rage.
  2351 | D:2      | Found the +7 staff of the Meek {protect, meekguard}
  2632 | D:3      | 2632 ||| STAIRDANCE
  2673 | D:3      | 2673 ||| Stepping ~*~*~tactically~*~*~ (stealth).
  2688 | D:3      | Found a faded altar of an unknown god.
  2865 | D:3      | Reached skill level 1 in Dodging
  3219 | D:3      | 3219 ||| READING scroll labelled HUGRYMP TEUNA.
  3220 | D:3      | 3220 ||| READING 3 scrolls of identify.
  3220 | D:3      | 3220 ||| IDENTIFYING fuming ruby potion
  3221 | D:3      | 3221 ||| READING 2 scrolls of identify.
  3221 | D:3      | 3221 ||| IDENTIFYING clear potion
  3222 | D:3      | 3222 ||| DROPPING potion of brilliance.
  3223 | D:3      | 3223 ||| DROPPING potion of flight.
  3355 | D:4      | Reached skill level 4 in Fighting
  3481 | D:4      | Noticed Sigmund
  3494 | D:4      | Killed Sigmund
  3495 | D:4      | Reached skill level 6 in Axes
  3495 | D:4      | Reached XP level 7. HP: 36/43 MP: 7/7
  3673 | D:5      | Entered Level 5 of the Dungeon
  3737 | D:5      | 3737 ||| Stepping ~*~*~tactically~*~*~ (stealth).
  3741 | D:5      | 3741 ||| Stepping ~*~*~tactically~*~*~ (stealth).
  3858 | D:5      | Noticed Blork the orc
  3859 | D:5      | 3859 ||| FLEEEEING.
  3860 | D:5      | 3860 ||| FLEEEEING.
  3863 | D:5      | 3863 ||| FLEEEEING.
  3872 | D:5      | 3872 ||| FLEEEEING.
  3891 | D:5      | Killed Blork the orc
  3937 | D:5      | 3937 ||| DROPPING +0 flail.
  3988 | D:5      | Reached skill level 5 in Fighting
  4009 | D:5      | 4009 ||| Stepping ~*~*~tactically~*~*~ (stealth).
  4012 | D:5      | 4012 ||| Stepping ~*~*~tactically~*~*~ (stealth).
  4013 | D:5      | 4013 ||| Stepping ~*~*~tactically~*~*~ (stealth).
  4014 | D:5      | 4014 ||| Stepping ~*~*~tactically~*~*~ (stealth).
  4077 | D:5      | Found an iron altar of Okawaru.
  4078 | D:5      | 4078 ||| PLANNING OKAWARU WORSHIP
  4078 | D:5      | 4078 ||| DROPPING ring of wizardry.
  4081 | D:5      | Became a worshipper of Warmaster Okawaru
  4082 | D:5      | 4082 ||| PLANNING D:1-11
  4176 | D:5      | Reached XP level 8. HP: 49/49 MP: 8/8
  4413 | D:5      | 4413 ||| Stepping ~*~*~tactically~*~*~ (stealth).
  4415 | D:5      | 4415 ||| Stepping ~*~*~tactically~*~*~ (stealth).
  4420 | D:5      | 4420 ||| Stepping ~*~*~tactically~*~*~ (stealth).
  4444 | D:5      | 4444 ||| Stepping ~*~*~tactically~*~*~ (stealth).
  4745 | D:5      | Found a radiant altar of Vehumet.
  4745 | D:5      | Found a sparkling altar of Nemelex Xobeh.
  4745 | D:5      | Found a white marble altar of Elyvilon.
  4745 | D:5      | Found a snail-covered altar of Cheibriados.
  4752 | D:5      | Found a bloodstained altar of Trog.
  4754 | D:5      | Found a shimmering altar of Xom.
  4856 | D:5      | 4856 ||| READING scroll labelled CEENWI NULLUT.
  4857 | D:5      | 4857 ||| READING 3 scrolls of identify.
  4857 | D:5      | 4857 ||| IDENTIFYING fuming inky potion
  4934 | D:6      | Reached * piety under Okawaru
  4935 | D:6      | Reached skill level 6 in Fighting
  4970 | D:6      | Reached skill level 1 in Invocations
  5052 | D:6      | 5052 ||| Stepping ~*~*~tactically~*~*~ (hiding).
  5054 | D:6      | 5054 ||| INVOKING Heroism.
  5080 | D:6      | 5080 ||| Stepping ~*~*~tactically~*~*~ (stealth).
  5081 | D:6      | 5081 ||| Stepping ~*~*~tactically~*~*~ (stealth).
  5202 | D:6      | Reached XP level 9. HP: 56/56 MP: 9/11
  5203 | D:6      | Reached skill level 3 in Invocations
  5532 | D:6      | Found a runed translucent gate.
  5532 | D:6      | Found a runed translucent gate.
  5532 | D:6      | Found a runed translucent gate.
  5544 | D:6      | Noticed qw's ghost (amateur GrFi)
  5688 | D:6      | 5688 ||| UPGRADING to amulet of reflection.
  5693 | D:6      | 5693 ||| READING scroll labelled LAVIRE IM QET.
  5694 | D:6      | 5694 ||| DRINKING 2 murky silvery potions.
  5695 | D:6      | 5695 ||| READING 3 scrolls of identify.
  5695 | D:6      | 5695 ||| IDENTIFYING brown potion
  5742 | D:7      | 5742 ||| INVOKING Heroism.
  5774 | D:7      | 5774 ||| INVOKING Heroism.
  5784 | D:7      | Reached skill level 9 in Axes
  5792 | D:7      | 5792 ||| Stepping ~*~*~tactically~*~*~ (hiding).
  5798 | D:7      | 5798 ||| DRINKING 2 potions of curing.
  5798 | D:7      | 5798 ||| (to cure confusion)
  5807 | D:7      | Noticed Maggie
  5808 | D:7      | 5808 ||| Stepping ~*~*~tactically~*~*~ (hiding).
  5822 | D:7      | HP: 13/56 [Maggie/bolt of fire (33)]
  5823 | D:7      | 5823 ||| READING 5 scrolls of teleportation.
  5824 | D:7      | 5824 ||| DRINKING potion of heal wounds.
  5825 | D:7      | 5825 ||| INVOKING Heroism.
  6011 | D:7      | Noticed qw's ghost (novice GrFi)
  6012 | D:7      | 6012 ||| DROPPING +0 whip of draining.
  6014 | D:7      | Found a transporter.
  6014 | D:7      | Noticed a deep elf pyromancer
  6026 | D:7      | Found a transporter.
  6124 | D:7      | 6124 ||| INVOKING Heroism.
  6165 | D:7      | Found a runed translucent door.
  6166 | D:7      | Noticed Crazy Yiuf
  6216 | D:7      | Reached ** piety under Okawaru
  6243 | D:7      | 6243 ||| INVOKING Heroism.
  6246 | D:7      | Reached skill level 7 in Fighting
  6351 | D:7      | 6351 ||| Stepping ~*~*~tactically~*~*~ (hiding).
  6366 | D:7      | 6366 ||| INVOKING Heroism.
  6369 | D:7      | Killed Maggie
  6470 | D:7      | 6470 ||| Stepping ~*~*~tactically~*~*~ (stealth).
  6532 | D:7      | Found a staircase to the Ecumenical Temple.
  6643 | D:7      | 6643 ||| READING scroll labelled CAAVUSY ANULO.
  6644 | D:7      | 6644 ||| READING 3 scrolls of identify.
  6644 | D:7      | 6644 ||| IDENTIFYING fuming pink potion
  6645 | D:7      | 6645 ||| DROPPING potion of degeneration.
  6680 | D:8      | 6680 ||| STAIRDANCE
  6682 | D:7      | 6682 ||| INVOKING Heroism.
  6808 | D:8      | 6808 ||| STAIRDANCE
  6883 | D:8      | 6883 ||| STAIRDANCE
  7059 | D:8      | 7059 ||| INVOKING Heroism.
  7065 | D:8      | Noticed a troll
  7066 | D:8      | Reached XP level 10. HP: 63/63 MP: 10/13
  7075 | D:8      | 7075 ||| INVOKING Heroism.
  7155 | D:8      | 7155 ||| INVOKING Heroism.
  7234 | D:8      | 7234 ||| DROPPING +1 flail of holy wrath.
  7242 | D:8      | Found a staircase to the Lair.
  7288 | D:8      | Noticed a two-headed ogre
  7289 | D:8      | 7289 ||| INVOKING Heroism.
  7297 | D:8      | Reached skill level 8 in Fighting
  7302 | D:8      | Killed a two-headed ogre
  7302 | D:8      | Reached *** piety under Okawaru
  7305 | D:8      | Reached skill level 6 in Armour
  7313 | D:8      | Reached **** piety under Okawaru
  7315 | D:8      | 7315 ||| INVOKING Heroism.
  7340 | D:8      | 7340 ||| INVOKING Heroism.
  7407 | D:8      | 7407 ||| INVOKING Heroism.
  7755 | D:8      | 7755 ||| INVOKING Heroism.
  7767 | D:8      | Identified the +1 leather armour "Dodusuc" {rF+ Slay+5}
  7772 | D:8      | 7772 ||| INVOKING Heroism.
  8037 | D:8      | 8037 ||| PLANNING LAIR
  8037 | D:8      | 8037 ||| UPGRADING to +0 kite shield.
  8047 | D:8      | 8047 ||| DROPPING +0 buckler.
  8048 | D:8      | 8048 ||| READING scroll labelled QYT VOSYAS.
  8087 | Lair:1   | Entered Level 1 of the Lair of Beasts
  8092 | Lair:1   | Reached skill level 6 in Shields
  8110 | Lair:1   | 8110 ||| INVOKING Heroism.
  8119 | Lair:1   | Reached XP level 11. HP: 63/69 MP: 12/14
  8187 | Lair:1   | 8187 ||| INVOKING Heroism.
  8345 | Lair:1   | Found a runed translucent door.
  8870 | Lair:1   | 8870 ||| READING 3 scrolls of identify.
  8870 | Lair:1   | 8870 ||| IDENTIFYING golden potion
  8906 | Lair:2   | Found a staircase to the Shoals.
  8907 | Lair:2   | 8907 ||| INVOKING Heroism.
  8915 | Lair:2   | Reached skill level 1 in Throwing
  8917 | Lair:2   | Reached skill level 6 in Invocations
  9013 | Lair:2   | 9013 ||| Stepping ~*~*~tactically~*~*~ (stealth).
  9019 | Lair:2   | 9019 ||| INVOKING Heroism.
  9091 | Lair:2   | Found a staircase to the Snake Pit.
  9102 | Lair:2   | 9102 ||| INVOKING Heroism.
  9111 | Lair:2   | Noticed a death yak
  9113 | Lair:2   | Noticed a death yak
  9114 | Lair:2   | Noticed a death yak
  9115 | Lair:2   | Noticed a death yak
  9119 | Lair:2   | Noticed a death yak
  9123 | Lair:2   | Noticed a death yak
  9125 | Lair:2   | Reached ***** piety under Okawaru
  9126 | Lair:2   | 9126 ||| INVOKING Finesse.
  9132 | Lair:2   | Killed a death yak
  9134 | Lair:2   | Killed a death yak
  9134 | Lair:2   | Identified the +1 hat "Leqicoi" {rC++ Will+++ MP-9 Dex+2}
                  | (Okawaru gifted it to you on level 2 of the Lair of Beasts)
  9134 | Lair:2   | Received a gift from Okawaru
  9136 | Lair:2   | Killed a death yak
  9137 | Lair:2   | Reached skill level 9 in Shields
  9143 | Lair:2   | HP: 6/69 [death yak (16)]
  9144 | Lair:2   | 9144 ||| READING 5 scrolls of teleportation.
  9145 | Lair:2   | 9145 ||| DRINKING potion of heal wounds.
  9169 | Lair:2   | 9169 ||| INVOKING Heroism.
  9351 | Lair:2   | 9351 ||| INVOKING Heroism.
  9352 | Lair:2   | 9352 ||| INVOKING Finesse.
  9371 | Lair:2   | Killed a death yak
  9372 | Lair:2   | Killed a death yak
  9373 | Lair:2   | Reached skill level 9 in Invocations
  9373 | Lair:2   | Reached XP level 12. HP: 71/75 MP: 11/18
  9388 | Lair:2   | Killed a death yak
  9413 | Lair:2   | 9413 ||| FLEEEEING.
  9437 | Lair:2   | 9437 ||| Stepping ~*~*~tactically~*~*~ (stealth).
  9440 | Lair:2   | 9440 ||| INVOKING Heroism.
  9450 | Lair:2   | Reached skill level 9 in Fighting
  9956 | Lair:2   | 9956 ||| UPGRADING to +1 hat "Leqicoi" {rC++ Will+++ MP-9
                  | Dex+2}.
  9961 | Lair:2   | 9961 ||| READING 6 scrolls of identify.
  9961 | Lair:2   | 9961 ||| IDENTIFYING smoky green potion
  9987 | Lair:2   | 9987 ||| INVOKING Heroism.
 10018 | Lair:3   | 10018 ||| INVOKING Heroism.
 10076 | Lair:3   | 10076 ||| INVOKING Heroism.
 10085 | Lair:3   | Reached skill level 3 in Dodging
 10121 | Lair:3   | 10121 ||| INVOKING Heroism.
 10223 | Lair:3   | 10223 ||| FLEEEEING.
 10224 | Lair:3   | 10224 ||| FLEEEEING.
 10225 | Lair:3   | 10225 ||| FLEEEEING.
 10226 | Lair:3   | 10226 ||| FLEEEEING.
 10227 | Lair:3   | 10227 ||| FLEEEEING.
 10228 | Lair:3   | 10228 ||| FLEEEEING.
 10229 | Lair:3   | 10229 ||| FLEEEEING.
 10230 | Lair:3   | 10230 ||| FLEEEEING.
 10231 | Lair:3   | 10231 ||| FLEEEEING.
 10232 | Lair:3   | 10232 ||| FLEEEEING.
 10233 | Lair:3   | 10233 ||| STAIRDANCE
 10261 | Lair:3   | 10261 ||| INVOKING Heroism.
 10431 | Lair:3   | 10431 ||| INVOKING Heroism.
 10567 | Lair:3   | Noticed an eight-headed hydra
 10568 | Lair:3   | 10568 ||| INVOKING Heroism.
 10569 | Lair:3   | 10569 ||| SWAPPING to +0 flail of protection.
 10570 | Lair:3   | 10570 ||| INVOKING Finesse.
 10588 | Lair:3   | Killed an eight-headed hydra
 10589 | Lair:3   | Reached skill level 12 in Axes
 10589 | Lair:3   | 10589 ||| SWAPPING to +0 war axe of electrocution.
 10953 | Lair:3   | 10953 ||| READING scroll labelled TAHAOTHETOTZ.
 10954 | Lair:3   | 10954 ||| READING scroll labelled OGEQARPHUTO.
 10955 | Lair:3   | 10955 ||| READING 5 scrolls of identify.
 10955 | Lair:3   | 10955 ||| IDENTIFYING silvery potion
 11073 | Lair:4   | 11073 ||| INVOKING Heroism.
 11077 | Lair:4   | Received a gift from Okawaru
 11134 | Lair:4   | 11134 ||| INVOKING Heroism.
 11143 | Lair:4   | Reached skill level 3 in Throwing
 11218 | Lair:4   | Noticed a death yak
 11219 | Lair:4   | 11219 ||| INVOKING Heroism.
 11219 | Lair:4   | Noticed a death yak
 11220 | Lair:4   | 11220 ||| Stepping ~*~*~tactically~*~*~ (stealth).
 11223 | Lair:4   | 11223 ||| INVOKING Finesse.
 11233 | Lair:4   | Killed a death yak
 11238 | Lair:4   | Noticed a death yak
 11246 | Lair:4   | Killed a death yak
 11251 | Lair:4   | Killed a death yak
 11251 | Lair:4   | Received a gift from Okawaru
 11400 | Lair:4   | Reached XP level 13. HP: 80/80 MP: 11/20
 11765 | Lair:4   | 11765 ||| READING 2 scrolls of enchant weapon.
 11765 | Lair:4   | 11765 ||| ENCHANTING +1 war axe of electrocution.
 11766 | Lair:4   | 11766 ||| READING scroll of enchant weapon.
 11766 | Lair:4   | 11766 ||| ENCHANTING +2 war axe of electrocution.
 11864 | Lair:4   | 11864 ||| UPGRADING to +0 pair of gloves.
 11898 | Lair:5   | Entered Level 5 of the Lair of Beasts
 11923 | Lair:5   | 11923 ||| INVOKING Heroism.
 11944 | Lair:5   | 11944 ||| INVOKING Finesse.
 11962 | Lair:5   | 11962 ||| INVOKING Heroism.
 11967 | Lair:5   | Reached skill level 10 in Fighting
 12096 | Lair:5   | 12096 ||| Stepping ~*~*~tactically~*~*~ (stealth).
 12127 | Lair:5   | 12127 ||| INVOKING Heroism.
 12180 | Lair:5   | 12180 ||| DROPPING +0 flail of protection.
 12209 | Lair:5   | 12209 ||| INVOKING Heroism.
 12251 | Lair:5   | 12251 ||| INVOKING Heroism.
 12265 | Lair:5   | Reached ****** piety under Okawaru
 12330 | Lair:5   | 12330 ||| Stepping ~*~*~tactically~*~*~ (stealth).
 12331 | Lair:5   | 12331 ||| INVOKING Heroism.
 12361 | Lair:5   | 12361 ||| INVOKING Heroism.
 12367 | Lair:5   | HP: 20/82 [wind drake/the air (8)]
 12368 | Lair:5   | 12368 ||| READING 5 scrolls of teleportation.
 12380 | Lair:5   | 12380 ||| Stepping ~*~*~tactically~*~*~ (stealth).
 12627 | Lair:5   | 12627 ||| Stepping ~*~*~tactically~*~*~ (hiding).
 12632 | Lair:5   | 12632 ||| INVOKING Heroism.
 12647 | Lair:5   | Received a gift from Okawaru
 12782 | Lair:5   | 12782 ||| Stepping ~*~*~tactically~*~*~ (stealth).
 12784 | Lair:5   | 12784 ||| INVOKING Heroism.
 12882 | Lair:5   | 12882 ||| INVOKING Heroism.
 12883 | Lair:5   | 12883 ||| INVOKING Finesse.
 12908 | Lair:5   | 12908 ||| INVOKING Finesse.
 12911 | Lair:5   | Identified the +10 broad axe of Demonkind {vorpal, Str+2}
                  | (Okawaru gifted it to you on level 5 of the Lair of Beasts)
 12911 | Lair:5   | Received a gift from Okawaru
 12994 | Lair:5   | 12994 ||| SWAPPING to +10 broad axe of Demonkind {vorpal,
                  | Str+2}.
 12995 | Lair:5   | 12995 ||| DROPPING +3 war axe of electrocution.
 13008 | Lair:5   | Identified the +1 trident "Ritah" {elec, Contam rPois rN+}
 13149 | Lair:5   | Gained mutation: Your large and strong wings let you fly.
                  | [Gargoyle growth]
 13149 | Lair:5   | Reached XP level 14. HP: 74/88 MP: 12/21
 13266 | Lair:5   | 13266 ||| Stepping ~*~*~tactically~*~*~ (hiding).
 13281 | Lair:5   | 13281 ||| INVOKING Heroism.
 13283 | Lair:5   | 13283 ||| INVOKING Finesse.
 13284 | Lair:5   | 13284 ||| SWAPPING to +0 morningstar.
 13291 | Lair:5   | 13291 ||| SWAPPING to +10 broad axe of Demonkind {vorpal,
                  | Str+2}.
 13645 | Lair:5   | Found a viscous altar of Jiyva.
 13645 | Lair:5   | Found a staircase to the Slime Pits.
 13649 | Lair:5   | 13649 ||| PLANNING D:1-11
 13649 | Lair:5   | 13649 ||| DROPPING amulet of magic regeneration.
 13650 | Lair:5   | 13650 ||| UPGRADING to +6 ring of strength.
 13651 | Lair:5   | 13651 ||| DROPPING ring of willpower.
 13830 | D:9      | 13830 ||| Stepping ~*~*~tactically~*~*~ (stealth).
 13833 | D:9      | 13833 ||| INVOKING Heroism.
 13837 | D:9      | 13837 ||| Stepping ~*~*~tactically~*~*~ (hiding).
 13838 | D:9      | 13838 ||| Stepping ~*~*~tactically~*~*~ (hiding).
 13879 | D:9      | Found a runed translucent door.
 13879 | D:9      | Found a shimmering altar of Xom.
 13879 | D:9      | Noticed qw's ghost (journeyman GrFi)
 13884 | D:9      | 13884 ||| INVOKING Heroism.
 13887 | D:9      | 13887 ||| Stepping ~*~*~tactically~*~*~ (stealth).
 14067 | D:9      | 14067 ||| Stepping ~*~*~tactically~*~*~ (stealth).
 14148 | D:9      | 14148 ||| INVOKING Heroism.
 14287 | D:9      | 14287 ||| INVOKING Heroism.
 14328 | D:9      | 14328 ||| Stepping ~*~*~tactically~*~*~ (hiding).
 14333 | D:9      | Reached skill level 11 in Fighting
 14333 | D:9      | 14333 ||| Stepping ~*~*~tactically~*~*~ (cloud).
 14334 | D:9      | 14334 ||| Stepping ~*~*~tactically~*~*~ (cloud).
 14346 | D:9      | Noticed Erolcha
 14347 | D:9      | 14347 ||| INVOKING Heroism.
 14348 | D:9      | 14348 ||| INVOKING Finesse.
 14356 | D:9      | Killed Erolcha
 14356 | D:9      | Identified the +1 ring mail "Ycesaoxi" {+Inv rElec rF++}
                  | (Okawaru gifted it to you on level 9 of the Dungeon)
 14356 | D:9      | Received a gift from Okawaru
 14504 | D:9      | Noticed Erica
 14505 | D:9      | 14505 ||| Stepping ~*~*~tactically~*~*~ (hiding).
 14507 | D:9      | 14507 ||| INVOKING Heroism.
 14508 | D:9      | 14508 ||| INVOKING Finesse.
 14512 | D:9      | Killed Erica
 14693 | D:9      | Reached skill level 9 in Armour
 14720 | D:9      | 14720 ||| Stepping ~*~*~tactically~*~*~ (hiding).
 14825 | D:9      | 14825 ||| DROPPING +0 morningstar.
 14832 | D:9      | 14832 ||| Stepping ~*~*~tactically~*~*~ (stealth).
 14833 | D:9      | 14833 ||| Stepping ~*~*~tactically~*~*~ (stealth).
 14846 | D:9      | Identified the +2 long sword of the Enemy {vorpal, rF++}
 14859 | D:9      | 14859 ||| Stepping ~*~*~tactically~*~*~ (stealth).
 14979 | D:9      | 14979 ||| Stepping ~*~*~tactically~*~*~ (stealth).
 15086 | D:9      | Found a blossoming altar of Fedhas.
 15087 | D:9      | Found a burning altar of Makhleb.
 15334 | D:9      | 15334 ||| DROPPING +1 helmet.
 15335 | D:9      | 15335 ||| DROPPING +2 hat.
 15336 | D:9      | 15336 ||| READING scroll labelled PYSEGEIVVUD.
 15337 | D:9      | 15337 ||| READING scroll labelled PUCUOS ELELAD.
 15372 | D:10     | Entered Level 10 of the Dungeon
 15559 | D:10     | 15559 ||| Stepping ~*~*~tactically~*~*~ (stealth).
 15561 | D:10     | 15561 ||| Stepping ~*~*~tactically~*~*~ (stealth).
 15591 | D:10     | 15591 ||| INVOKING Heroism.
 15592 | D:10     | 15592 ||| Stepping ~*~*~tactically~*~*~ (stealth).
 15612 | D:10     | 15612 ||| Stepping ~*~*~tactically~*~*~ (stealth).
 15614 | D:10     | 15614 ||| Stepping ~*~*~tactically~*~*~ (stealth).
 15619 | D:10     | 15619 ||| Stepping ~*~*~tactically~*~*~ (stealth).
 15629 | D:10     | Reached skill level 12 in Shields
 15643 | D:10     | 15643 ||| Stepping ~*~*~tactically~*~*~ (hiding).
 15644 | D:10     | 15644 ||| Stepping ~*~*~tactically~*~*~ (hiding).
 15800 | D:10     | 15800 ||| INVOKING Heroism.
 15997 | D:10     | 15997 ||| INVOKING Heroism.
 16067 | D:10     | 16067 ||| DROPPING +2 robe of resistance.
 16068 | D:10     | 16068 ||| DROPPING +1 leather armour "Dodusuc" {rF+
                  | Slay+5}.
 16069 | D:10     | 16069 ||| UPGRADING to +0 plate armour.
 16079 | D:10     | 16079 ||| DROPPING +0 chain mail.
 16080 | D:10     | 16080 ||| DROPPING amulet of guardian spirit.
 16112 | D:11     | 16112 ||| PLANNING GAUNTLET
 16180 | D:11     | 16180 ||| Stepping ~*~*~tactically~*~*~ (stealth).
 16181 | D:11     | 16181 ||| INVOKING Heroism.
 16187 | D:11     | 16187 ||| Stepping ~*~*~tactically~*~*~ (hiding).
 16190 | D:11     | 16190 ||| Stepping ~*~*~tactically~*~*~ (hiding).
 16191 | D:11     | 16191 ||| Stepping ~*~*~tactically~*~*~ (hiding).
 16304 | D:11     | 16304 ||| READING scroll of enchant armour.
 16304 | D:11     | 16304 ||| ENCHANTING +0 pair of gloves.
 16382 | D:11     | 16382 ||| Stepping ~*~*~tactically~*~*~ (stealth).
 16392 | D:11     | 16392 ||| Stepping ~*~*~tactically~*~*~ (stealth).
 16393 | D:11     | 16393 ||| Stepping ~*~*~tactically~*~*~ (stealth).
 16492 | D:11     | Found a hide-covered altar of Uskayaw.
 16492 | D:11     | Noticed Psyche
 16493 | D:11     | 16493 ||| INVOKING Heroism.
 16497 | D:11     | Killed Psyche
 16614 | D:11     | Found a gate leading to a gauntlet.
 16615 | D:11     | 16615 ||| UPGRADING to ring of protection from fire.
 16625 | Gauntlet | Entered a Gauntlet
 16625 | Gauntlet | Found a transporter.
 16625 | Gauntlet | Found a transporter.
 16625 | Gauntlet | Found a runed translucent door.
 16625 | Gauntlet | Found a runed translucent door.
 16625 | Gauntlet | Found a runed translucent gate.
 16629 | Gauntlet | Found a runed translucent gate.
 16631 | Gauntlet | Found a runed translucent gate.
 16640 | Gauntlet | Found a transporter.
 16644 | Gauntlet | Found a transporter.
 16652 | Gauntlet | Found a transporter.
 16656 | Gauntlet | Found a transporter.
 16666 | Gauntlet | Found a transporter.
 16680 | Gauntlet | Noticed a cacodemon
 16683 | Gauntlet | Found a transporter.
 16701 | Gauntlet | Found a transporter.
 16705 | Gauntlet | Found a transporter.
 16714 | Gauntlet | Found a transporter.
 16719 | Gauntlet | Found a transporter.
 16768 | Gauntlet | 16768 ||| Stepping randomly (stuck).
 16769 | Gauntlet | 16769 ||| INVOKING Heroism.
 16818 | Gauntlet | 16818 ||| INVOKING Heroism.
 16901 | Gauntlet | 16901 ||| INVOKING Heroism.
 16902 | Gauntlet | 16902 ||| INVOKING Finesse.
 16925 | Gauntlet | Reached skill level 15 in Axes
 16926 | Gauntlet | 16926 ||| INVOKING Finesse.
 16934 | Gauntlet | Received a gift from Okawaru
 17020 | Gauntlet | 17020 ||| READING 6 scrolls of identify.
 17020 | Gauntlet | 17020 ||| IDENTIFYING murky grey potion
 17048 | Gauntlet | Identified the +8 chain mail of the Thirteen Dances {rPois
                  | Dex+2}
 17049 | Gauntlet | 17049 ||| INVOKING Heroism.
 17050 | Gauntlet | 17050 ||| INVOKING Finesse.
 17120 | Gauntlet | Identified the +4 kite shield of the Chewing Gods {rElec
                  | rC- Int+2 Dex+8}
 17136 | Gauntlet | 17136 ||| UPGRADING to +8 chain mail of the Thirteen Dances
                  | {rPois Dex+2}.
 17146 | Gauntlet | 17146 ||| DROPPING +0 plate armour.
 17147 | Gauntlet | 17147 ||| UPGRADING to +1 tower shield of protection.
 17157 | Gauntlet | 17157 ||| DROPPING +0 kite shield.
 17158 | Gauntlet | 17158 ||| DROPPING +1 ring mail "Ycesaoxi" {+Inv rElec
                  | rF++}.
 17159 | Gauntlet | 17159 ||| DROPPING +4 kite shield of the Chewing Gods
                  | {rElec rC- Int+2 Dex+8}.
 17175 | D:11     | 17175 ||| PLANNING D:1-11
 17411 | D:11     | 17411 ||| PLANNING D
 17473 | D:12     | 17473 ||| INVOKING Heroism.
 17474 | D:12     | 17474 ||| INVOKING Finesse.
 17500 | D:12     | Reached XP level 15. HP: 94/94 MP: 6/22
 17555 | D:12     | Found Ral Wech's Antique Armour Boutique.
 17565 | D:12     | 17565 ||| BUYING embroidered hat (217 gold).
 17565 | D:12     | Bought an embroidered hat for 217 gold pieces
 17565 | D:12     | 17565 ||| BUYING pair of crude boots (294 gold).
 17565 | D:12     | Bought a pair of crude boots for 294 gold pieces
 17565 | D:12     | Identified the +1 pair of boots of Pan-Flutes {Rampage
                  | rPois Slay-2} (You bought it in a shop on level 12 of the
                  | Dungeon)
 17565 | D:12     | Noticed Urug
 17566 | D:12     | 17566 ||| INVOKING Heroism.
 17567 | D:12     | 17567 ||| INVOKING Finesse.
 17569 | D:12     | Identified the +2 animal skin of the Lumpy Interlopers
                  | {Stlth+} (Okawaru gifted it to you on level 12 of the
                  | Dungeon)
 17569 | D:12     | Received a gift from Okawaru
 17585 | D:12     | Killed Urug
 17629 | D:12     | 17629 ||| INVOKING Heroism.
 17654 | D:12     | 17654 ||| Stepping ~*~*~tactically~*~*~ (stealth).
 17655 | D:12     | 17655 ||| Stepping ~*~*~tactically~*~*~ (stealth).
 17726 | D:12     | Found a radiant altar of Vehumet.
 17727 | D:12     | 17727 ||| INVOKING Heroism.
 17728 | D:12     | 17728 ||| INVOKING Finesse.
 17912 | D:12     | 17912 ||| INVOKING Heroism.
 17965 | D:12     | Found a staircase to the Orcish Mines.
 17982 | D:12     | Noticed Snorg
 17983 | D:12     | 17983 ||| Stepping ~*~*~tactically~*~*~ (hiding).
 17984 | D:12     | 17984 ||| INVOKING Finesse.
 17991 | D:12     | Killed Snorg
 18041 | D:12     | 18041 ||| DROPPING +2 hat of willpower.
 18042 | D:12     | 18042 ||| DROPPING +1 pair of boots of Pan-Flutes {Rampage
                  | rPois Slay-2}.
 18203 | D:13     | Found Zuant's Elemental Accessories.
 18220 | D:13     | Noticed Sonja
 18221 | D:13     | 18221 ||| INVOKING Finesse.
 18227 | D:13     | Killed Sonja
 18625 | D:13     | Noticed an orc warlord
 18626 | D:13     | 18626 ||| INVOKING Heroism.
 18628 | D:13     | 18628 ||| Stepping ~*~*~tactically~*~*~ (stealth).
 18634 | D:13     | Killed an orc warlord
 18662 | D:13     | 18662 ||| Stepping ~*~*~tactically~*~*~ (stealth).
 18664 | D:13     | 18664 ||| Stepping ~*~*~tactically~*~*~ (hiding).
 18701 | D:13     | 18701 ||| Stepping ~*~*~tactically~*~*~ (stealth).
 18707 | D:13     | 18707 ||| Stepping ~*~*~tactically~*~*~ (hiding).
 18738 | D:13     | 18738 ||| Stepping ~*~*~tactically~*~*~ (stealth).
 18742 | D:13     | 18742 ||| INVOKING Heroism.
 18854 | D:13     | 18854 ||| Stepping ~*~*~tactically~*~*~ (hiding).
 18858 | D:13     | 18858 ||| INVOKING Heroism.
 18872 | D:13     | 18872 ||| Stepping ~*~*~tactically~*~*~ (stealth).
 18876 | D:13     | 18876 ||| Stepping ~*~*~tactically~*~*~ (hiding).
 18908 | D:13     | 18908 ||| INVOKING Heroism.
 18971 | D:13     | 18971 ||| INVOKING Heroism.
 19048 | D:13     | Found a portal to a secret trove of treasure.
 19226 | D:13     | 19226 ||| UPGRADING to ring of see invisible.
 19228 | D:13     | 19228 ||| DROPPING +6 ring of dexterity.
 19229 | D:13     | 19229 ||| UPGRADING to +4 ring of slaying {mikee}.
 19231 | D:13     | 19231 ||| DROPPING ring of magical power.
 19306 | D:14     | 19306 ||| Stepping ~*~*~tactically~*~*~ (hiding).
 19343 | D:14     | 19343 ||| Stepping ~*~*~tactically~*~*~ (stealth).
 19349 | D:14     | 19349 ||| Stepping ~*~*~tactically~*~*~ (hiding).
 19351 | D:14     | 19351 ||| Stepping ~*~*~tactically~*~*~ (hiding).
 19471 | D:14     | 19471 ||| Stepping ~*~*~tactically~*~*~ (stealth).
 19472 | D:14     | 19472 ||| Stepping ~*~*~tactically~*~*~ (stealth).
 19714 | D:14     | Found a sparkling altar of Nemelex Xobeh.
 19723 | D:14     | 19723 ||| Stepping ~*~*~tactically~*~*~ (stealth).
 19730 | D:14     | 19730 ||| INVOKING Heroism.
 19800 | D:14     | Reached skill level 15 in Shields
 19918 | D:14     | 19918 ||| INVOKING Heroism.
 19986 | D:14     | 19986 ||| Stepping ~*~*~tactically~*~*~ (hiding).
 19988 | D:14     | 19988 ||| Stepping ~*~*~tactically~*~*~ (hiding).
 20195 | D:14     | 20195 ||| INVOKING Heroism.
 20198 | D:14     | 20198 ||| Stepping ~*~*~tactically~*~*~ (stealth).
 20212 | D:14     | 20212 ||| Stepping ~*~*~tactically~*~*~ (stealth).
 20225 | D:14     | 20225 ||| Stepping ~*~*~tactically~*~*~ (stealth).
 20241 | D:14     | Found a gate to the Vaults.
 20309 | D:15     | Entered Level 15 of the Dungeon
 20310 | D:15     | 20310 ||| STAIRDANCE
 20349 | D:15     | 20349 ||| STAIRDANCE
 20440 | D:15     | 20440 ||| Stepping ~*~*~tactically~*~*~ (hiding).
 20444 | D:15     | 20444 ||| INVOKING Heroism.
 20454 | D:15     | Reached skill level 6 in Throwing
 20544 | D:15     | 20544 ||| INVOKING Heroism.
 20546 | D:15     | 20546 ||| INVOKING Finesse.
 20548 | D:15     | 20548 ||| SWAPPING to +3 morningstar.
 20553 | D:15     | 20553 ||| Stepping ~*~*~tactically~*~*~ (outnumbered).
 20564 | D:15     | 20564 ||| SWAPPING to +10 broad axe of Demonkind {vorpal,
                  | Str+2}.
 20772 | D:15     | 20772 ||| Stepping ~*~*~tactically~*~*~ (stealth).
 20773 | D:15     | 20773 ||| Stepping ~*~*~tactically~*~*~ (stealth).
 20776 | D:15     | 20776 ||| Stepping ~*~*~tactically~*~*~ (stealth).
 20790 | D:15     | 20790 ||| Stepping ~*~*~tactically~*~*~ (stealth).
 20794 | D:15     | 20794 ||| Stepping ~*~*~tactically~*~*~ (stealth).
 20796 | D:15     | 20796 ||| Stepping ~*~*~tactically~*~*~ (hiding).
 20799 | D:15     | 20799 ||| INVOKING Heroism.
 20804 | D:15     | Reached XP level 16. HP: 101/101 MP: 11/23
 20807 | D:15     | Received a gift from Okawaru
 20808 | D:15     | Reached skill level 12 in Fighting
 20858 | D:15     | Found a staircase to the Depths.
 21166 | D:15     | 21166 ||| PLANNING ORC
 21166 | D:15     | 21166 ||| DROPPING +6 ring of strength.
 21280 | Orc:1    | Entered Level 1 of the Orcish Mines
 21293 | Orc:1    | 21293 ||| INVOKING Heroism.
 21296 | Orc:1    | 21296 ||| Stepping ~*~*~tactically~*~*~ (hiding).
 21386 | Orc:1    | 21386 ||| Stepping ~*~*~tactically~*~*~ (stealth).
 21388 | Orc:1    | 21388 ||| INVOKING Heroism.
 21389 | Orc:1    | 21389 ||| Stepping ~*~*~tactically~*~*~ (stealth).
 21527 | Orc:2    | Entered Level 2 of the Orcish Mines
 21528 | Orc:2    | 21528 ||| INVOKING Heroism.
 21529 | Orc:2    | 21529 ||| STAIRDANCE
 21536 | Orc:2    | 21536 ||| STAIRDANCE
 21587 | Orc:2    | Identified the +6 triple sword "Jybulehof" {vorpal, *Slow
                  | rElec Int+3} (Okawaru gifted it to you on level 2 of the
                  | Orcish Mines)
 21587 | Orc:2    | Received a gift from Okawaru
 21666 | Orc:2    | 21666 ||| Stepping ~*~*~tactically~*~*~ (stealth).
 21675 | Orc:2    | 21675 ||| Stepping ~*~*~tactically~*~*~ (stealth).
 21676 | Orc:2    | 21676 ||| Stepping ~*~*~tactically~*~*~ (stealth).
 21678 | Orc:2    | 21678 ||| Stepping ~*~*~tactically~*~*~ (stealth).
 21693 | Orc:2    | 21693 ||| Stepping ~*~*~tactically~*~*~ (stealth).
 21747 | Orc:2    | 21747 ||| INVOKING Heroism.
 21748 | Orc:2    | 21748 ||| INVOKING Finesse.
 21810 | Orc:2    | 21810 ||| Stepping ~*~*~tactically~*~*~ (stealth).
 21811 | Orc:2    | 21811 ||| Stepping ~*~*~tactically~*~*~ (stealth).
 21838 | Orc:2    | 21838 ||| INVOKING Heroism.
 21887 | Orc:2    | 21887 ||| INVOKING Heroism.
 21949 | Orc:2    | Noticed Donald
 21950 | Orc:2    | 21950 ||| INVOKING Heroism.
 21951 | Orc:2    | 21951 ||| INVOKING Finesse.
 21958 | Orc:2    | Killed Donald
 22022 | Orc:2    | 22022 ||| INVOKING Heroism.
 22026 | Orc:2    | Noticed Rupert
 22027 | Orc:2    | 22027 ||| INVOKING Finesse.
 22037 | Orc:2    | Killed Rupert
 22135 | Orc:2    | 22135 ||| INVOKING Heroism.
 22195 | Orc:1    | Found Loniy's Assorted Antiques.
 22208 | Orc:1    | 22208 ||| Stepping ~*~*~tactically~*~*~ (hiding).
 22212 | Orc:1    | 22212 ||| Stepping ~*~*~tactically~*~*~ (hiding).
 22213 | Orc:1    | 22213 ||| INVOKING Heroism.
 22238 | Orc:1    | 22238 ||| BUYING potion of haste (300 gold).
 22238 | Orc:1    | Bought a potion of haste for 300 gold pieces
 22238 | Orc:1    | 22238 ||| BUYING potion of magic (240 gold).
 22238 | Orc:1    | Bought a potion of magic for 240 gold pieces
 22321 | Orc:1    | 22321 ||| Stepping ~*~*~tactically~*~*~ (hiding).
 22327 | Orc:1    | 22327 ||| Stepping ~*~*~tactically~*~*~ (hiding).
 22328 | Orc:1    | 22328 ||| Stepping ~*~*~tactically~*~*~ (hiding).
 22341 | Orc:1    | 22341 ||| Stepping ~*~*~tactically~*~*~ (hiding).
 22455 | Orc:1    | 22455 ||| Stepping ~*~*~tactically~*~*~ (stealth).
 22486 | Orc:1    | 22486 ||| Stepping ~*~*~tactically~*~*~ (stealth).
 22488 | Orc:1    | 22488 ||| Stepping ~*~*~tactically~*~*~ (hiding).
 22853 | Orc:2    | 22853 ||| Stepping ~*~*~tactically~*~*~ (hiding).
 22855 | Orc:2    | 22855 ||| Stepping ~*~*~tactically~*~*~ (stealth).
 22856 | Orc:2    | 22856 ||| Stepping ~*~*~tactically~*~*~ (stealth).
 22858 | Orc:2    | 22858 ||| Stepping ~*~*~tactically~*~*~ (stealth).
 22859 | Orc:2    | 22859 ||| Stepping ~*~*~tactically~*~*~ (stealth).
 22862 | Orc:2    | 22862 ||| INVOKING Heroism.
 22896 | Orc:2    | 22896 ||| INVOKING Heroism.
 23050 | Orc:2    | 23050 ||| INVOKING Heroism.
 23102 | Orc:2    | Found Iteter's Armour Boutique.
 23103 | Orc:2    | 23103 ||| INVOKING Heroism.
 23122 | Orc:2    | 23122 ||| BUYING +0 helmet of the Vestibule of Hell {rPois
                  | Will+ Str+4} (415 gold).
 23122 | Orc:2    | Bought the +0 helmet of the Vestibule of Hell {rPois Will+
                  | Str+4} for 415 gold pieces
 23129 | Orc:2    | Found Foto's General Store.
 23135 | Orc:2    | Received a gift from Okawaru
 23143 | Orc:2    | 23143 ||| BUYING 2 potions of mutation (160 gold).
 23143 | Orc:2    | Bought 2 potions of mutation for 160 gold pieces
 23143 | Orc:2    | 23143 ||| BUYING potion of curing (30 gold).
 23143 | Orc:2    | Bought a potion of curing for 30 gold pieces
 23143 | Orc:2    | 23143 ||| BUYING potion of haste (100 gold).
 23143 | Orc:2    | Bought a potion of haste for 100 gold pieces
 23284 | Orc:2    | 23284 ||| Stepping ~*~*~tactically~*~*~ (hiding).
 23287 | Orc:2    | 23287 ||| Stepping ~*~*~tactically~*~*~ (hiding).
 23330 | Orc:2    | 23330 ||| Stepping ~*~*~tactically~*~*~ (hiding).
 23348 | Orc:2    | 23348 ||| Stepping ~*~*~tactically~*~*~ (stealth).
 23349 | Orc:2    | 23349 ||| Stepping ~*~*~tactically~*~*~ (hiding).
 23351 | Orc:2    | 23351 ||| Stepping ~*~*~tactically~*~*~ (stealth).
 23352 | Orc:2    | 23352 ||| Stepping ~*~*~tactically~*~*~ (hiding).
 23353 | Orc:2    | 23353 ||| Stepping ~*~*~tactically~*~*~ (hiding).
 23355 | Orc:2    | 23355 ||| INVOKING Heroism.
 23356 | Orc:2    | 23356 ||| INVOKING Finesse.
 23388 | Orc:2    | 23388 ||| Stepping ~*~*~tactically~*~*~ (hiding).
 23395 | Orc:2    | 23395 ||| Stepping ~*~*~tactically~*~*~ (hiding).
 23426 | Orc:2    | 23426 ||| Stepping ~*~*~tactically~*~*~ (hiding).
 23428 | Orc:2    | 23428 ||| Stepping ~*~*~tactically~*~*~ (hiding).
 23430 | Orc:2    | 23430 ||| Stepping ~*~*~tactically~*~*~ (hiding).
 23431 | Orc:2    | 23431 ||| Stepping ~*~*~tactically~*~*~ (hiding).
 23578 | Orc:2    | 23578 ||| INVOKING Heroism.
 23579 | Orc:2    | Found Veggien's Book Shoppe.
 23677 | Orc:2    | 23677 ||| INVOKING Heroism.
 23679 | Orc:2    | Found Agowesk's Weapon Emporium.
 23699 | Orc:2    | 23699 ||| BUYING +3 morningstar of protection (392 gold).
 23699 | Orc:2    | Bought a +3 morningstar of protection for 392 gold pieces
 23699 | Orc:2    | 23699 ||| DROPPING +3 morningstar.
 23762 | Orc:2    | 23762 ||| INVOKING Heroism.
 23817 | Orc:2    | Found a staircase to the Elven Halls.
 23861 | Orc:2    | 23861 ||| INVOKING Heroism.
 24092 | Orc:2    | 24092 ||| Stepping ~*~*~tactically~*~*~ (stealth).
 24185 | Orc:2    | 24185 ||| PLANNING SHOALS:1-3
 24185 | Orc:2    | 24185 ||| DROPPING +2 helmet of intelligence.
 24326 | Shoals:1 | Entered Level 1 of the Shoals
 24327 | Shoals:1 | 24327 ||| INVOKING Heroism.
 24379 | Shoals:1 | 24379 ||| INVOKING Heroism.
 24391 | Shoals:1 | Noticed a kraken
 24405 | Shoals:1 | Killed a kraken
 24426 | Shoals:1 | 24426 ||| INVOKING Heroism.
 24427 | Shoals:1 | 24427 ||| INVOKING Finesse.
 24429 | Shoals:1 | 24429 ||| Stepping ~*~*~tactically~*~*~ (hiding).
 24547 | Shoals:1 | 24547 ||| INVOKING Heroism.
 24564 | Shoals:1 | 24564 ||| Stepping ~*~*~tactically~*~*~ (hiding).
 24703 | Shoals:1 | 24703 ||| Stepping ~*~*~tactically~*~*~ (hiding).
 24708 | Shoals:1 | 24708 ||| INVOKING Heroism.
 24710 | Shoals:1 | 24710 ||| INVOKING Finesse.
 24852 | Shoals:1 | 24852 ||| INVOKING Heroism.
 24901 | Shoals:1 | Received a gift from Okawaru
 24914 | Shoals:1 | 24914 ||| Stepping ~*~*~tactically~*~*~ (hiding).
 24915 | Shoals:1 | 24915 ||| Stepping ~*~*~tactically~*~*~ (hiding).
 24917 | Shoals:1 | 24917 ||| Stepping ~*~*~tactically~*~*~ (hiding).
 24919 | Shoals:1 | 24919 ||| Stepping ~*~*~tactically~*~*~ (hiding).
 24953 | Shoals:1 | 24953 ||| INVOKING Heroism.
 24983 | Shoals:1 | Found the +18 shield of the Gong {rElec rN+ Will+ EV-5}
 25092 | Shoals:1 | Received a gift from Okawaru
 25402 | Shoals:2 | 25402 ||| INVOKING Heroism.
 25416 | Shoals:2 | Reached XP level 17. HP: 70/106 MP: 13/24
 25452 | Shoals:2 | 25452 ||| FLEEEEING.
 25453 | Shoals:2 | 25453 ||| FLEEEEING.
 25454 | Shoals:2 | 25454 ||| STAIRDANCE
 25522 | Shoals:2 | 25522 ||| INVOKING Heroism.
 25585 | Shoals:2 | 25585 ||| INVOKING Heroism.
 25640 | Shoals:2 | 25640 ||| Stepping ~*~*~tactically~*~*~ (hiding).
 25641 | Shoals:2 | 25641 ||| Stepping ~*~*~tactically~*~*~ (hiding).
 25644 | Shoals:2 | 25644 ||| INVOKING Heroism.
 25650 | Shoals:2 | Reached skill level 13 in Fighting
 25923 | Shoals:2 | 25923 ||| INVOKING Heroism.
 26052 | Shoals:2 | 26052 ||| INVOKING Heroism.
 26083 | Shoals:2 | Identified the +2 pair of boots of the Storm King {Dex+3}
                  | (Okawaru gifted it to you on level 2 of the Shoals)
 26083 | Shoals:2 | Received a gift from Okawaru
 26140 | Shoals:2 | 26140 ||| INVOKING Heroism.
 26160 | Shoals:2 | 26160 ||| INVOKING Heroism.
 26529 | Shoals:2 | 26529 ||| UPGRADING to +2 pair of boots of the Storm King
                  | {Dex+3}.
 26539 | Shoals:2 | 26539 ||| DROPPING +0 pair of boots.
 26540 | Shoals:2 | 26540 ||| READING 13 scrolls of identify.
 26540 | Shoals:2 | 26540 ||| IDENTIFYING inky potion
 26541 | Shoals:2 | 26541 ||| DROPPING potion of ambrosia.
 26573 | Shoals:3 | 26573 ||| INVOKING Heroism.
 26584 | Shoals:3 | Noticed Polyphemus
 26585 | Shoals:3 | 26585 ||| INVOKING Finesse.
 26606 | Shoals:3 | Killed Polyphemus
 26634 | Shoals:3 | 26634 ||| Stepping randomly (cloudy).
 26637 | Shoals:3 | 26637 ||| Stepping ~*~*~tactically~*~*~ (cloud).
 26640 | Shoals:3 | 26640 ||| Stepping ~*~*~tactically~*~*~ (cloud).
 26771 | Shoals:3 | 26771 ||| READING scroll of enchant armour.
 26771 | Shoals:3 | 26771 ||| ENCHANTING +1 pair of gloves.
 26783 | Shoals:3 | 26783 ||| INVOKING Heroism.
 26856 | Shoals:3 | 26856 ||| Stepping ~*~*~tactically~*~*~ (hiding).
 26953 | Shoals:3 | 26953 ||| INVOKING Heroism.
 26954 | Shoals:3 | 26954 ||| INVOKING Finesse.
 27086 | Shoals:3 | 27086 ||| INVOKING Heroism.
 27119 | Shoals:3 | 27119 ||| INVOKING Heroism.
 27120 | Shoals:3 | 27120 ||| INVOKING Finesse.
 27131 | Shoals:3 | Reached skill level 18 in Axes
 27304 | Shoals:3 | 27304 ||| Stepping ~*~*~tactically~*~*~ (hiding).
 27454 | Shoals:3 | 27454 ||| INVOKING Heroism.
 27708 | Shoals:3 | 27708 ||| PLANNING SNAKE:1-3
 27708 | Shoals:3 | 27708 ||| DROPPING +2 pair of boots.
 27788 | Snake:1  | Entered Level 1 of the Snake Pit
 27789 | Snake:1  | 27789 ||| INVOKING Heroism.
 27805 | Snake:1  | Found a transporter.
 27843 | Snake:1  | Noticed qw's ghost (adept GrFi)
 27860 | Snake:1  | 27860 ||| Stepping ~*~*~tactically~*~*~ (stealth).
 27867 | Snake:1  | 27867 ||| INVOKING Heroism.
 27971 | Snake:1  | Found a transporter.
 28136 | Snake:1  | 28136 ||| INVOKING Heroism.
 28285 | Snake:1  | 28285 ||| INVOKING Heroism.
 28317 | Snake:1  | 28317 ||| Stepping ~*~*~tactically~*~*~ (hiding).
 28318 | Snake:1  | 28318 ||| Stepping ~*~*~tactically~*~*~ (hiding).
 28319 | Snake:1  | 28319 ||| Stepping ~*~*~tactically~*~*~ (hiding).
 28475 | Snake:1  | 28475 ||| Stepping ~*~*~tactically~*~*~ (hiding).
 28478 | Snake:1  | 28478 ||| Stepping ~*~*~tactically~*~*~ (hiding).
 28485 | Snake:1  | Reached XP level 18. HP: 116/116 MP: 16/25
 28585 | Snake:1  | 28585 ||| DROPPING +3 morningstar of protection.
 28661 | Snake:1  | 28661 ||| INVOKING Heroism.
 28680 | Snake:1  | Reached skill level 14 in Fighting
 28849 | Snake:1  | 28849 ||| INVOKING Heroism.
 28859 | Snake:1  | Reached skill level 18 in Shields
 29041 | Snake:2  | 29041 ||| Stepping ~*~*~tactically~*~*~ (hiding).
 29043 | Snake:2  | 29043 ||| Stepping ~*~*~tactically~*~*~ (stealth).
 29045 | Snake:2  | 29045 ||| INVOKING Heroism.
 29084 | Snake:2  | Found a broken altar of Ashenzari.
 29113 | Snake:2  | 29113 ||| INVOKING Heroism.
 29217 | Snake:2  | 29217 ||| Stepping ~*~*~tactically~*~*~ (hiding).
 29218 | Snake:2  | 29218 ||| Stepping ~*~*~tactically~*~*~ (hiding).
 29222 | Snake:2  | 29222 ||| INVOKING Heroism.
 29306 | Snake:2  | 29306 ||| Stepping ~*~*~tactically~*~*~ (hiding).
 29310 | Snake:2  | 29310 ||| INVOKING Heroism.
 29312 | Snake:2  | 29312 ||| Stepping ~*~*~tactically~*~*~ (hiding).
 29321 | Snake:2  | 29321 ||| Stepping ~*~*~tactically~*~*~ (hiding).
 29358 | Snake:2  | 29358 ||| Stepping ~*~*~tactically~*~*~ (hiding).
 29460 | Snake:2  | Reached skill level 6 in Dodging
 29681 | Snake:2  | 29681 ||| Stepping ~*~*~tactically~*~*~ (hiding).
 29951 | Snake:3  | 29951 ||| INVOKING Heroism.
 29958 | Snake:3  | 29958 ||| Stepping ~*~*~tactically~*~*~ (hiding).
 29963 | Snake:3  | 29963 ||| Stepping ~*~*~tactically~*~*~ (hiding).
 29969 | Snake:3  | Received a gift from Okawaru
 29970 | Snake:3  | 29970 ||| Stepping ~*~*~tactically~*~*~ (hiding).
 30107 | Snake:3  | 30107 ||| Stepping ~*~*~tactically~*~*~ (stealth).
 30109 | Snake:3  | 30109 ||| Stepping ~*~*~tactically~*~*~ (stealth).
 30110 | Snake:3  | 30110 ||| Stepping ~*~*~tactically~*~*~ (stealth).
 30111 | Snake:3  | 30111 ||| Stepping ~*~*~tactically~*~*~ (stealth).
 30125 | Snake:3  | 30125 ||| Stepping ~*~*~tactically~*~*~ (hiding).
 30128 | Snake:3  | 30128 ||| Stepping ~*~*~tactically~*~*~ (hiding).
 30131 | Snake:3  | 30131 ||| Stepping ~*~*~tactically~*~*~ (hiding).
 30132 | Snake:3  | 30132 ||| Stepping ~*~*~tactically~*~*~ (hiding).
 30133 | Snake:3  | 30133 ||| Stepping ~*~*~tactically~*~*~ (hiding).
 30135 | Snake:3  | 30135 ||| INVOKING Heroism.
 30142 | Snake:3  | Reached skill level 12 in Armour
 30157 | Snake:3  | 30157 ||| Stepping ~*~*~tactically~*~*~ (hiding).
 30158 | Snake:3  | 30158 ||| Stepping ~*~*~tactically~*~*~ (hiding).
 30161 | Snake:3  | 30161 ||| Stepping ~*~*~tactically~*~*~ (hiding).
 30186 | Snake:3  | 30186 ||| Stepping ~*~*~tactically~*~*~ (hiding).
 30212 | Snake:3  | 30212 ||| INVOKING Heroism.
 30284 | Snake:3  | 30284 ||| Stepping ~*~*~tactically~*~*~ (hiding).
 30286 | Snake:3  | 30286 ||| Stepping ~*~*~tactically~*~*~ (hiding).
 30287 | Snake:3  | 30287 ||| INVOKING Heroism.
 30384 | Snake:3  | 30384 ||| Stepping ~*~*~tactically~*~*~ (stealth).
 30475 | Snake:3  | 30475 ||| Stepping ~*~*~tactically~*~*~ (hiding).
 30593 | Snake:3  | 30593 ||| Stepping ~*~*~tactically~*~*~ (hiding).
 30664 | Snake:3  | 30664 ||| Stepping ~*~*~tactically~*~*~ (hiding).
 30730 | Snake:3  | 30730 ||| Stepping ~*~*~tactically~*~*~ (hiding).
 30734 | Snake:3  | 30734 ||| INVOKING Heroism.
 30801 | Snake:3  | 30801 ||| Stepping ~*~*~tactically~*~*~ (hiding).
 30804 | Snake:3  | 30804 ||| Stepping ~*~*~tactically~*~*~ (hiding).
 30911 | Snake:3  | 30911 ||| PLANNING SHOALS:4
 30911 | Snake:3  | 30911 ||| DROPPING +1 pair of boots of flying.
 31048 | Shoals:4 | Entered Level 4 of the Shoals
 31099 | Shoals:4 | 31099 ||| INVOKING Heroism.
 31100 | Shoals:4 | 31100 ||| INVOKING Finesse.
 31116 | Shoals:4 | Reached skill level 15 in Fighting
 31240 | Shoals:4 | 31240 ||| READING scroll of enchant armour.
 31240 | Shoals:4 | 31240 ||| ENCHANTING +0 cloak.
 31267 | Shoals:4 | 31267 ||| INVOKING Heroism.
 31268 | Shoals:4 | 31268 ||| INVOKING Finesse.
 31394 | Shoals:4 | 31394 ||| INVOKING Heroism.
 31403 | Shoals:4 | 31403 ||| INVOKING Finesse.
 31495 | Shoals:4 | 31495 ||| Stepping ~*~*~tactically~*~*~ (hiding).
 31515 | Shoals:4 | Identified the +8 double sword "Zunun" {vorpal, rC- rN+++
                  | Str+4 Int-4}
 31525 | Shoals:4 | 31525 ||| Stepping ~*~*~tactically~*~*~ (stealth).
 31527 | Shoals:4 | 31527 ||| INVOKING Heroism.
 31560 | Shoals:4 | Found Dioduhiu's General Store.
 31564 | Shoals:4 | Noticed Ilsuiw
 31565 | Shoals:4 | 31565 ||| INVOKING Heroism.
 31570 | Shoals:4 | HP: 29/119 [merfolk javelineer/silver javelin (2)]
 31571 | Shoals:4 | 31571 ||| READING 10 scrolls of teleportation.
 31572 | Shoals:4 | 31572 ||| DRINKING 5 potions of heal wounds.
 31882 | Shoals:4 | 31882 ||| INVOKING Heroism.
 31913 | Shoals:4 | 31913 ||| Stepping ~*~*~tactically~*~*~ (stealth).
 31914 | Shoals:4 | 31914 ||| Stepping ~*~*~tactically~*~*~ (stealth).
 31925 | Shoals:4 | 31925 ||| INVOKING Heroism.
 31961 | Shoals:4 | 31961 ||| INVOKING Heroism.
 32018 | Shoals:4 | Got a barnacled rune of Zot
 32085 | Shoals:4 | Reached skill level 9 in Throwing
 32090 | Shoals:4 | Identified the +5 glaive of Precise Incision {freeze, rElec
                  | Int+2}
 32107 | Shoals:4 | 32107 ||| INVOKING Heroism.
 32108 | Shoals:4 | 32108 ||| INVOKING Finesse.
 32126 | Shoals:4 | Killed Ilsuiw
 32126 | Shoals:4 | Received a gift from Okawaru
 32168 | Shoals:4 | 32168 ||| INVOKING Heroism.
 32208 | Shoals:4 | 32208 ||| FLEEEEING.
 32217 | Shoals:4 | 32217 ||| STAIRDANCE
 32374 | Shoals:4 | Identified the +9 fire dragon scales of the Arcane {rF++
                  | rC- Int+4}
 32401 | Shoals:4 | 32401 ||| BUYING potion of curing (54 gold).
 32401 | Shoals:4 | Bought a potion of curing for 54 gold pieces
 32401 | Shoals:4 | 32401 ||| BUYING scroll of enchant weapon (135 gold).
 32401 | Shoals:4 | Bought a scroll of enchant weapon for 135 gold pieces
 32435 | Shoals:4 | 32435 ||| INVOKING Heroism.
 32442 | Shoals:4 | Reached XP level 19. HP: 124/124 MP: 14/26
 32565 | Shoals:4 | 32565 ||| PLANNING VAULTS:1-4
 32565 | Shoals:4 | 32565 ||| UPGRADING to +9 fire dragon scales of the Arcane
                  | {rF++ rC- Int+4}.
 32817 | Vaults:1 | Entered Level 1 of the Vaults
 32830 | Vaults:1 | 32830 ||| Stepping ~*~*~tactically~*~*~ (stealth).
 32925 | Vaults:1 | 32925 ||| Stepping ~*~*~tactically~*~*~ (stealth).
 32929 | Vaults:1 | 32929 ||| Stepping ~*~*~tactically~*~*~ (stealth).
 32944 | Vaults:1 | 32944 ||| INVOKING Heroism.
 33018 | Vaults:1 | 33018 ||| INVOKING Heroism.
 33096 | Vaults:1 | 33096 ||| INVOKING Heroism.
 33337 | Vaults:1 | 33337 ||| INVOKING Heroism.
 33349 | Vaults:1 | Reached skill level 16 in Fighting
 33403 | Vaults:1 | 33403 ||| INVOKING Heroism.
 33594 | Vaults:1 | 33594 ||| Stepping ~*~*~tactically~*~*~ (hiding).
 33675 | Vaults:1 | 33675 ||| INVOKING Heroism.
 33702 | Vaults:1 | 33702 ||| Stepping ~*~*~tactically~*~*~ (hiding).
 33914 | Vaults:1 | 33914 ||| INVOKING Heroism.
 33965 | Vaults:1 | 33965 ||| INVOKING Heroism.
 33984 | Vaults:1 | Received a gift from Okawaru
 34367 | Vaults:1 | 34367 ||| DROPPING +4 ring of evasion.
 34418 | Vaults:2 | 34418 ||| Stepping ~*~*~tactically~*~*~ (stealth).
 34420 | Vaults:2 | 34420 ||| Stepping ~*~*~tactically~*~*~ (stealth).
 34422 | Vaults:2 | 34422 ||| INVOKING Heroism.
 34428 | Vaults:2 | Reached skill level 17 in Fighting
 34459 | Vaults:2 | 34459 ||| Stepping ~*~*~tactically~*~*~ (hiding).
 34461 | Vaults:2 | 34461 ||| INVOKING Heroism.
 34663 | Vaults:2 | 34663 ||| INVOKING Heroism.
 34734 | Vaults:2 | 34734 ||| Stepping ~*~*~tactically~*~*~ (hiding).
 34777 | Vaults:2 | 34777 ||| INVOKING Heroism.
 34897 | Vaults:2 | 34897 ||| Stepping ~*~*~tactically~*~*~ (hiding).
 35050 | Vaults:2 | 35050 ||| INVOKING Heroism.
 35120 | Vaults:2 | 35120 ||| INVOKING Heroism.
 35150 | Vaults:2 | 35150 ||| INVOKING Heroism.
 35154 | Vaults:2 | Reached XP level 20. HP: 98/134 MP: 15/27
 35159 | Vaults:2 | 35159 ||| Stepping ~*~*~tactically~*~*~ (hiding).
 35160 | Vaults:2 | 35160 ||| Stepping ~*~*~tactically~*~*~ (hiding).
 35373 | Vaults:2 | Identified the +0 leather armour of the Circus Animal
                  | {Str+5}
 35498 | Vaults:2 | 35498 ||| INVOKING Heroism.
 35722 | Vaults:2 | 35722 ||| INVOKING Heroism.
 35739 | Vaults:2 | Received a gift from Okawaru
 35826 | Vaults:3 | 35826 ||| INVOKING Finesse.
 35827 | Vaults:3 | 35827 ||| STAIRDANCE
 35862 | Vaults:3 | 35862 ||| STAIRDANCE
 35944 | Vaults:3 | Received a gift from Okawaru
 35964 | Vaults:3 | 35964 ||| FLEEEEING.
 35965 | Vaults:3 | 35965 ||| FLEEEEING.
 35966 | Vaults:3 | 35966 ||| FLEEEEING.
 36081 | Vaults:3 | 36081 ||| Stepping ~*~*~tactically~*~*~ (hiding).
 36082 | Vaults:3 | 36082 ||| Stepping ~*~*~tactically~*~*~ (hiding).
 36159 | Vaults:3 | 36159 ||| INVOKING Heroism.
 36166 | Vaults:3 | Reached skill level 18 in Fighting
 36168 | Vaults:3 | Identified the -1 pair of gloves of Incorporation {Str-4
                  | Int+5} (Okawaru gifted it to you on level 3 of the Vaults)
 36168 | Vaults:3 | Received a gift from Okawaru
 36433 | Vaults:3 | Noticed Xtahua
 36443 | Vaults:3 | Killed Xtahua
 36650 | Vaults:3 | Found a staircase to the Crypt.
 36718 | Vaults:3 | 36718 ||| Stepping ~*~*~tactically~*~*~ (stealth).
 36720 | Vaults:3 | 36720 ||| INVOKING Heroism.
 36742 | Vaults:3 | 36742 ||| INVOKING Finesse.
 36846 | Vaults:3 | 36846 ||| Stepping ~*~*~tactically~*~*~ (hiding).
 36851 | Vaults:3 | 36851 ||| INVOKING Heroism.
 36987 | Vaults:3 | 36987 ||| INVOKING Heroism.
 37002 | Vaults:3 | 37002 ||| INVOKING Finesse.
 37071 | Vaults:3 | 37071 ||| FLEEEEING.
 37072 | Vaults:3 | 37072 ||| FLEEEEING.
 37073 | Vaults:3 | 37073 ||| FLEEEEING.
 37074 | Vaults:3 | 37074 ||| FLEEEEING.
 37075 | Vaults:3 | 37075 ||| FLEEEEING.
 37076 | Vaults:3 | 37076 ||| FLEEEEING.
 37077 | Vaults:3 | 37077 ||| FLEEEEING.
 37082 | Vaults:3 | 37082 ||| FLEEEEING.
 37083 | Vaults:3 | 37083 ||| FLEEEEING.
 37088 | Vaults:3 | 37088 ||| FLEEEEING.
 37089 | Vaults:3 | 37089 ||| FLEEEEING.
 37090 | Vaults:3 | 37090 ||| FLEEEEING.
 37091 | Vaults:3 | 37091 ||| FLEEEEING.
 37092 | Vaults:3 | 37092 ||| FLEEEEING.
 37093 | Vaults:3 | 37093 ||| FLEEEEING.
 37094 | Vaults:3 | 37094 ||| FLEEEEING.
 37095 | Vaults:3 | 37095 ||| FLEEEEING.
 37096 | Vaults:3 | 37096 ||| FLEEEEING.
 37097 | Vaults:3 | 37097 ||| FLEEEEING.
 37098 | Vaults:3 | 37098 ||| FLEEEEING.
 37099 | Vaults:3 | 37099 ||| FLEEEEING.
 37100 | Vaults:3 | 37100 ||| FLEEEEING.
 37101 | Vaults:3 | 37101 ||| FLEEEEING.
 37102 | Vaults:3 | 37102 ||| FLEEEEING.
 37103 | Vaults:3 | 37103 ||| FLEEEEING.
 37104 | Vaults:3 | 37104 ||| FLEEEEING.
 37105 | Vaults:3 | 37105 ||| FLEEEEING.
 37106 | Vaults:3 | 37106 ||| FLEEEEING.
 37107 | Vaults:3 | 37107 ||| FLEEEEING.
 37108 | Vaults:3 | 37108 ||| FLEEEEING.
 37109 | Vaults:3 | 37109 ||| FLEEEEING.
 37113 | Vaults:3 | 37113 ||| FLEEEEING.
 37114 | Vaults:3 | 37114 ||| FLEEEEING.
 37115 | Vaults:3 | 37115 ||| FLEEEEING.
 37116 | Vaults:3 | 37116 ||| FLEEEEING.
 37117 | Vaults:3 | 37117 ||| FLEEEEING.
 37118 | Vaults:3 | 37118 ||| FLEEEEING.
 37123 | Vaults:3 | 37123 ||| STAIRDANCE
 37183 | Vaults:2 | 37183 ||| DROPPING -1 pair of gloves of Incorporation
                  | {Str-4 Int+5}.
 37187 | Vaults:3 | 37187 ||| STAIRDANCE
 37197 | Vaults:3 | 37197 ||| STAIRDANCE
 37272 | Vaults:3 | 37272 ||| Stepping ~*~*~tactically~*~*~ (hiding).
 37413 | Vaults:3 | 37413 ||| Stepping ~*~*~tactically~*~*~ (stealth).
 37534 | Vaults:3 | 37534 ||| Stepping ~*~*~tactically~*~*~ (stealth).
 37537 | Vaults:3 | 37537 ||| INVOKING Heroism.
 37569 | Vaults:3 | 37569 ||| Stepping ~*~*~tactically~*~*~ (hiding).
 37571 | Vaults:3 | 37571 ||| Stepping ~*~*~tactically~*~*~ (hiding).
 37576 | Vaults:3 | Received a gift from Okawaru
 37700 | Vaults:3 | Found Oninn's Armour Shoppe.
 38075 | Vaults:3 | 38075 ||| INVOKING Heroism.
 38080 | Vaults:3 | Reached skill level 19 in Fighting
 38097 | Vaults:3 | Received a gift from Okawaru
 38238 | Vaults:4 | 38238 ||| INVOKING Heroism.
 38243 | Vaults:4 | Reached XP level 21. HP: 115/144 MP: 16/28
 38387 | Vaults:4 | Found Bympat's Antique Weapon Shoppe.
 38389 | Vaults:4 | 38389 ||| INVOKING Heroism.
 38396 | Vaults:4 | Received a gift from Okawaru
 38400 | Vaults:4 | 38400 ||| Stepping ~*~*~tactically~*~*~ (hiding).
 38517 | Vaults:4 | Identified the +0 ring mail "Rynarph" {rF+ MP+9 Int+3}
 38663 | Vaults:4 | Reached skill level 15 in Armour
 38819 | Vaults:4 | 38819 ||| INVOKING Heroism.
 38904 | Vaults:4 | 38904 ||| INVOKING Heroism.
 38925 | Vaults:4 | 38925 ||| Stepping ~*~*~tactically~*~*~ (stealth).
 38930 | Vaults:4 | Identified the +1 helmet of Death's Door {rN+ Dex+3}
                  | (Okawaru gifted it to you on level 4 of the Vaults)
 38930 | Vaults:4 | Received a gift from Okawaru
 38993 | Vaults:4 | 38993 ||| Stepping ~*~*~tactically~*~*~ (hiding).
 38996 | Vaults:4 | 38996 ||| INVOKING Heroism.
 39155 | Vaults:4 | 39155 ||| Stepping ~*~*~tactically~*~*~ (hiding).
 39240 | Vaults:4 | 39240 ||| Stepping ~*~*~tactically~*~*~ (stealth).
 39241 | Vaults:4 | 39241 ||| Stepping ~*~*~tactically~*~*~ (stealth).
 39391 | Vaults:4 | 39391 ||| Stepping ~*~*~tactically~*~*~ (hiding).
 39392 | Vaults:4 | 39392 ||| Stepping ~*~*~tactically~*~*~ (hiding).
 39540 | Vaults:4 | 39540 ||| Stepping ~*~*~tactically~*~*~ (hiding).
 39541 | Vaults:4 | 39541 ||| Stepping ~*~*~tactically~*~*~ (hiding).
 39542 | Vaults:4 | 39542 ||| INVOKING Heroism.
 39555 | Vaults:4 | Reached skill level 9 in Dodging
 39698 | Vaults:4 | 39698 ||| Stepping ~*~*~tactically~*~*~ (hiding).
 39701 | Vaults:4 | 39701 ||| INVOKING Heroism.
 39799 | Vaults:4 | 39799 ||| INVOKING Heroism.
 39905 | Vaults:4 | 39905 ||| PLANNING SNAKE:4
 40289 | Snake:4  | Entered Level 4 of the Snake Pit
 40302 | Snake:4  | 40302 ||| Stepping ~*~*~tactically~*~*~ (hiding).
 40304 | Snake:4  | 40304 ||| INVOKING Heroism.
 40398 | Snake:4  | 40398 ||| Stepping ~*~*~tactically~*~*~ (hiding).
 40400 | Snake:4  | 40400 ||| Stepping ~*~*~tactically~*~*~ (hiding).
 40425 | Snake:4  | 40425 ||| Stepping ~*~*~tactically~*~*~ (stealth).
 40429 | Snake:4  | 40429 ||| Stepping ~*~*~tactically~*~*~ (stealth).
 40443 | Snake:4  | 40443 ||| Stepping ~*~*~tactically~*~*~ (hiding).
 40444 | Snake:4  | 40444 ||| Stepping ~*~*~tactically~*~*~ (hiding).
 40557 | Snake:4  | Found Zyut's Weapon Boutique.
 40704 | Snake:4  | 40704 ||| Stepping ~*~*~tactically~*~*~ (hiding).
 40706 | Snake:4  | 40706 ||| Stepping ~*~*~tactically~*~*~ (hiding).
 40709 | Snake:4  | 40709 ||| Stepping ~*~*~tactically~*~*~ (hiding).
 40718 | Snake:4  | 40718 ||| INVOKING Heroism.
 40734 | Snake:4  | Reached skill level 20 in Fighting
 40759 | Snake:4  | HP: 33/146 [constriction (5)]
 40760 | Snake:4  | 40760 ||| READING 10 scrolls of teleportation.
 40761 | Snake:4  | 40761 ||| FLEEEEING.
 40762 | Snake:4  | 40762 ||| FLEEEEING.
 40819 | Snake:4  | 40819 ||| INVOKING Heroism.
 41065 | Snake:4  | 41065 ||| INVOKING Heroism.
 41099 | Snake:4  | Received a gift from Okawaru
 41118 | Snake:4  | 41118 ||| INVOKING Heroism.
 41195 | Snake:4  | Reached XP level 22. HP: 137/152 MP: 20/29
 41282 | Snake:4  | Got a serpentine rune of Zot
 41345 | Snake:4  | 41345 ||| INVOKING Heroism.
 41409 | Snake:4  | 41409 ||| Stepping ~*~*~tactically~*~*~ (stealth).
 41499 | Snake:4  | 41499 ||| Stepping ~*~*~tactically~*~*~ (stealth).
 41501 | Snake:4  | 41501 ||| Stepping ~*~*~tactically~*~*~ (hiding).
 41506 | Snake:4  | 41506 ||| Stepping ~*~*~tactically~*~*~ (hiding).
 41515 | Snake:4  | 41515 ||| Stepping ~*~*~tactically~*~*~ (hiding).
 41649 | Snake:4  | 41649 ||| PLANNING DEPTHS
 41649 | Snake:4  | 41649 ||| DROPPING amulet of faith.
 41945 | Depths:1 | Entered Level 1 of the Depths
 41947 | Depths:1 | 41947 ||| INVOKING Heroism.
 41956 | Depths:1 | 41956 ||| INVOKING Finesse.
 41957 | Depths:1 | 41957 ||| INVOKING Finesse.
 41967 | Depths:1 | Found a hazy altar of Hepliaklqana.
 41988 | Depths:1 | Reached skill level 21 in Shields
 42011 | Depths:1 | 42011 ||| Stepping ~*~*~tactically~*~*~ (hiding).
 42114 | Depths:1 | Found a basalt altar of Yredelemnul.
 42115 | Depths:1 | 42115 ||| INVOKING Heroism.
 42116 | Depths:1 | 42116 ||| INVOKING Finesse.
 42128 | Depths:1 | 42128 ||| Stepping ~*~*~tactically~*~*~ (hiding).
 42160 | Depths:1 | 42160 ||| Stepping ~*~*~tactically~*~*~ (hiding).
 42234 | Depths:1 | 42234 ||| Stepping ~*~*~tactically~*~*~ (hiding).
 42240 | Depths:1 | 42240 ||| INVOKING Heroism.
 42264 | Depths:1 | 42264 ||| INVOKING Heroism.
 42451 | Depths:1 | Received a gift from Okawaru
 42526 | Depths:1 | Found Pepnant's Assorted Antiques.
 42529 | Depths:1 | Found Gojogh's Weapon Emporium.
 42537 | Depths:1 | 42537 ||| BUYING scroll of teleportation (93 gold).
 42537 | Depths:1 | Bought a scroll of teleportation for 93 gold pieces
 42537 | Depths:1 | 42537 ||| BUYING twitching silver ring (155 gold).
 42537 | Depths:1 | Bought a twitching silver ring for 155 gold pieces
 42537 | Depths:1 | Identified the ring of Raahicze {rPois rF+ AC+4 Slay+3}
                  | (You bought it in a shop on level 1 of the Depths)
 42583 | Depths:1 | 42583 ||| INVOKING Heroism.
 42584 | Depths:1 | 42584 ||| INVOKING Finesse.
 42588 | Depths:1 | Identified the +1 plate armour "Qoaptewe" {Rampage rF+
                  | Regen+ Str+3} (Okawaru gifted it to you on level 1 of the
                  | Depths)
 42588 | Depths:1 | Received a gift from Okawaru
 42637 | Depths:1 | 42637 ||| INVOKING Heroism.
 42648 | Depths:1 | 42648 ||| INVOKING Finesse.
 42756 | Depths:1 | 42756 ||| INVOKING Heroism.
 42757 | Depths:1 | 42757 ||| INVOKING Finesse.
 42866 | Depths:1 | 42866 ||| INVOKING Heroism.
 42867 | Depths:1 | 42867 ||| INVOKING Finesse.
 42871 | Depths:1 | Reached skill level 21 in Fighting
 42981 | Depths:1 | Found a gateway to Hell.
 42982 | Depths:1 | 42982 ||| Stepping ~*~*~tactically~*~*~ (hiding).
 42987 | Depths:1 | 42987 ||| INVOKING Heroism.
 43124 | Depths:1 | 43124 ||| DROPPING +8 chain mail of the Thirteen Dances
                  | {rPois Dex+2}.
 43125 | Depths:1 | 43125 ||| DROPPING +2 plate armour of fire resistance.
 43126 | Depths:1 | 43126 ||| DROPPING +3 chain mail of cold resistance.
 43127 | Depths:1 | 43127 ||| UPGRADING to +1 plate armour "Qoaptewe" {Rampage
                  | rF+ Regen+ Str+3}.
 43137 | Depths:1 | 43137 ||| DROPPING +4 ring of protection.
 43138 | Depths:1 | 43138 ||| DROPPING ring of fire.
 43139 | Depths:1 | 43139 ||| UPGRADING to ring of Raahicze {rPois rF+ AC+4
                  | Slay+3}.
 43141 | Depths:1 | 43141 ||| DROPPING ring of see invisible.
 43190 | Depths:2 | 43190 ||| Stepping ~*~*~tactically~*~*~ (stealth).
 43193 | Depths:2 | 43193 ||| Stepping ~*~*~tactically~*~*~ (stealth).
 43202 | Depths:2 | 43202 ||| Stepping randomly (stuck).
 43203 | Depths:2 | 43203 ||| Stepping randomly (stuck).
 43204 | Depths:2 | 43204 ||| Stepping randomly (stuck).
 43212 | Depths:2 | 43212 ||| INVOKING Heroism.
 43213 | Depths:2 | 43213 ||| INVOKING Finesse.
 43292 | Depths:2 | 43292 ||| INVOKING Heroism.
 43351 | Depths:2 | Found an opulent altar of Gozag.
 43406 | Depths:2 | Found a one-way gate leading to the halls of Pandemonium.
 43429 | Depths:2 | 43429 ||| Stepping ~*~*~tactically~*~*~ (stealth).
 43438 | Depths:2 | 43438 ||| INVOKING Heroism.
 43439 | Depths:2 | 43439 ||| INVOKING Finesse.
 43490 | Depths:2 | 43490 ||| Stepping ~*~*~tactically~*~*~ (stealth).
 43491 | Depths:2 | 43491 ||| Stepping ~*~*~tactically~*~*~ (stealth).
 43492 | Depths:2 | 43492 ||| Stepping ~*~*~tactically~*~*~ (stealth).
 43493 | Depths:2 | 43493 ||| Stepping ~*~*~tactically~*~*~ (stealth).
 43496 | Depths:2 | 43496 ||| INVOKING Heroism.
 43575 | Depths:2 | Found a one-way gateway to a ziggurat.
 43578 | Depths:2 | 43578 ||| Stepping ~*~*~tactically~*~*~ (stealth).
 43580 | Depths:2 | 43580 ||| Stepping ~*~*~tactically~*~*~ (hiding).
 43655 | Depths:2 | Found the +8 storm bow {elec, penet}
 43657 | Depths:2 | 43657 ||| Stepping ~*~*~tactically~*~*~ (hiding).
 43660 | Depths:2 | 43660 ||| INVOKING Heroism.
 43682 | Depths:2 | Received a gift from Okawaru
 43694 | Depths:2 | Identified the +7 quarterstaff "Voxik" {vorpal, Will++
                  | Int+2}
 43736 | Depths:2 | 43736 ||| READING scroll of enchant armour.
 43736 | Depths:2 | 43736 ||| ENCHANTING +1 cloak.
 43768 | Depths:2 | 43768 ||| Stepping ~*~*~tactically~*~*~ (hiding).
 43899 | Depths:2 | 43899 ||| INVOKING Heroism.
 43911 | Depths:2 | Reached skill level 18 in Armour
 43948 | Depths:2 | 43948 ||| INVOKING Finesse.
 44019 | Depths:2 | Found a one-way gate to the infinite horrors of the Abyss.
 44179 | Depths:2 | Found a shimmering blue altar of Sif Muna.
 44185 | Depths:2 | 44185 ||| Stepping ~*~*~tactically~*~*~ (hiding).
 44187 | Depths:2 | 44187 ||| INVOKING Heroism.
 44188 | Depths:2 | 44188 ||| INVOKING Finesse.
 44278 | Depths:2 | Identified the amulet of Fomopp Duast {RegenMP Will+++
                  | rCorr Dex+3}
 44283 | Depths:2 | 44283 ||| INVOKING Heroism.
 44295 | Depths:2 | 44295 ||| DRINKING 2 potions of resistance.
 44488 | Depths:3 | 44488 ||| PLANNING WIZLAB
 44489 | Depths:3 | 44489 ||| Stepping ~*~*~tactically~*~*~ (stealth).
 44490 | Depths:3 | 44490 ||| INVOKING Finesse.
 44493 | Depths:3 | 44493 ||| INVOKING Heroism.
 44503 | Depths:3 | Reached XP level 23. HP: 160/160 MP: 14/30
 44602 | Depths:3 | 44602 ||| Stepping ~*~*~tactically~*~*~ (hiding).
 44609 | Depths:3 | 44609 ||| INVOKING Heroism.
 44657 | Depths:3 | 44657 ||| Stepping ~*~*~tactically~*~*~ (stealth).
 44659 | Depths:3 | 44659 ||| Stepping ~*~*~tactically~*~*~ (stealth).
 44661 | Depths:3 | 44661 ||| INVOKING Heroism.
 44666 | Depths:3 | Received a gift from Okawaru
 44711 | Depths:3 | 44711 ||| INVOKING Heroism.
 44746 | Depths:3 | Found Udaniuro's Book Shop.
 44767 | Depths:3 | 44767 ||| INVOKING Heroism.
 44777 | Depths:3 | Reached skill level 12 in Throwing
 44781 | Depths:3 | 44781 ||| INVOKING Finesse.
 44845 | Depths:3 | 44845 ||| Stepping ~*~*~tactically~*~*~ (hiding).
 44846 | Depths:3 | 44846 ||| Stepping ~*~*~tactically~*~*~ (hiding).
 44997 | Depths:3 | Found a runed translucent gate.
 44997 | Depths:3 | Found a runed translucent gate.
 44998 | Depths:3 | Found a runed translucent gate.
 45001 | Depths:3 | Noticed qw's ghost (veteran GrFi)
 45140 | Depths:3 | Found a magical portal.
 45144 | Depths:3 | 45144 ||| INVOKING Heroism.
 45163 | WizLab   | Entered Lehudib's Moon Base
 45178 | WizLab   | 45178 ||| Stepping ~*~*~tactically~*~*~ (hiding).
 45179 | WizLab   | 45179 ||| Stepping ~*~*~tactically~*~*~ (hiding).
 45211 | WizLab   | 45211 ||| Stepping ~*~*~tactically~*~*~ (hiding).
 45241 | WizLab   | 45241 ||| Stepping ~*~*~tactically~*~*~ (hiding).
 45243 | WizLab   | 45243 ||| Stepping ~*~*~tactically~*~*~ (hiding).
 45266 | WizLab   | 45266 ||| Stepping ~*~*~tactically~*~*~ (stealth).
 45268 | WizLab   | 45268 ||| Stepping ~*~*~tactically~*~*~ (hiding).
 45269 | WizLab   | 45269 ||| INVOKING Heroism.
 45289 | WizLab   | Received a gift from Okawaru
 45355 | WizLab   | 45355 ||| Stepping ~*~*~tactically~*~*~ (hiding).
 45357 | WizLab   | 45357 ||| Stepping ~*~*~tactically~*~*~ (hiding).
 45371 | WizLab   | 45371 ||| Stepping ~*~*~tactically~*~*~ (hiding).
 45536 | WizLab   | 45536 ||| INVOKING Heroism.
 45615 | WizLab   | 45615 ||| INVOKING Heroism.
 45673 | WizLab   | 45673 ||| INVOKING Heroism.
 45674 | WizLab   | 45674 ||| Stepping ~*~*~tactically~*~*~ (hiding).
 45680 | WizLab   | 45680 ||| INVOKING Finesse.
 45817 | WizLab   | Identified the ring "Zoxaw" {Ice Str+3}
 45834 | WizLab   | 45834 ||| INVOKING Heroism.
 45876 | WizLab   | Gained mutation: Your spells are a little easier to cast,
                  | but a little less powerful. [a neqoxec]
 45893 | WizLab   | 45893 ||| Stepping ~*~*~tactically~*~*~ (hiding).
 45905 | WizLab   | Found a transporter.
 45943 | WizLab   | 45943 ||| INVOKING Heroism.
 45949 | WizLab   | Received a gift from Okawaru
 45950 | WizLab   | 45950 ||| Stepping ~*~*~tactically~*~*~ (hiding).
 46006 | WizLab   | 46006 ||| Stepping ~*~*~tactically~*~*~ (hiding).
 46007 | WizLab   | 46007 ||| Stepping ~*~*~tactically~*~*~ (hiding).
 46074 | WizLab   | 46074 ||| Stepping ~*~*~tactically~*~*~ (hiding).
 46075 | WizLab   | 46075 ||| Stepping ~*~*~tactically~*~*~ (hiding).
 46076 | WizLab   | 46076 ||| Stepping ~*~*~tactically~*~*~ (hiding).
 46077 | WizLab   | 46077 ||| Stepping ~*~*~tactically~*~*~ (hiding).
 46078 | WizLab   | Lost mutation: Your mind is acute. (Int +4, Str/Dex -1) [a
                  | neqoxec]
 46080 | WizLab   | Gained mutation: You have hidden genetic defects. [a
                  | neqoxec]
 46092 | WizLab   | Found a transporter.
 46215 | WizLab   | 46215 ||| INVOKING Heroism.
 46239 | WizLab   | 46239 ||| Stepping ~*~*~tactically~*~*~ (hiding).
 46240 | WizLab   | 46240 ||| Stepping ~*~*~tactically~*~*~ (hiding).
 46254 | WizLab   | Gained mutation: Your body sometimes deteriorates upon
                  | taking damage. [a cacodemon]
 46274 | WizLab   | Identified the ring "Ryehen" {rF+ rN+ Str+2 Int-5 Dex+7}
 46301 | WizLab   | 46301 ||| DROPPING ring of protection from fire.
 46327 | Depths:3 | 46327 ||| PLANNING DEPTHS
 46370 | Depths:3 | Noticed a juggernaut
 46370 | Depths:3 | Found a runed translucent door.
 46405 | Depths:3 | Reached skill level 22 in Fighting
 46417 | Depths:3 | Received a gift from Okawaru
 46537 | Depths:3 | Found a sparkling altar of Nemelex Xobeh.
 46575 | Depths:4 | Entered Level 4 of the Depths
 46787 | Depths:4 | 46787 ||| INVOKING Finesse.
 46911 | Depths:4 | 46911 ||| Stepping ~*~*~tactically~*~*~ (stealth).
 46912 | Depths:4 | 46912 ||| INVOKING Heroism.
 47039 | Depths:4 | 47039 ||| FLEEEEING.
 47040 | Depths:4 | 47040 ||| FLEEEEING.
 47041 | Depths:4 | 47041 ||| FLEEEEING.
 47042 | Depths:4 | 47042 ||| FLEEEEING.
 47048 | Depths:4 | 47048 ||| FLEEEEING.
 47049 | Depths:4 | 47049 ||| FLEEEEING.
 47050 | Depths:4 | 47050 ||| FLEEEEING.
 47106 | Depths:4 | 47106 ||| Stepping ~*~*~tactically~*~*~ (hiding).
 47108 | Depths:4 | Noticed a golden dragon
 47109 | Depths:4 | 47109 ||| INVOKING Heroism.
 47110 | Depths:4 | 47110 ||| INVOKING Finesse.
 47122 | Depths:4 | Killed a golden dragon
 47127 | Depths:4 | 47127 ||| Stepping ~*~*~tactically~*~*~ (hiding).
 47129 | Depths:4 | 47129 ||| Stepping ~*~*~tactically~*~*~ (hiding).
 47130 | Depths:4 | 47130 ||| Stepping ~*~*~tactically~*~*~ (hiding).
 47131 | Depths:4 | 47131 ||| Stepping ~*~*~tactically~*~*~ (hiding).
 47133 | Depths:4 | 47133 ||| Stepping ~*~*~tactically~*~*~ (hiding).
 47139 | Depths:4 | Gained mutation: You occasionally lose the ability to drink
                  | potions when taking damage. [hidden defects]
 47153 | Depths:4 | 47153 ||| INVOKING Heroism.
 47185 | Depths:4 | 47185 ||| DRINKING 14 potions of mutation.
 47185 | Depths:4 | Lost mutation: Your body sometimes deteriorates upon taking
                  | damage. [potion of mutation]
 47185 | Depths:4 | Lost mutation: You occasionally lose the ability to drink
                  | potions when taking damage. [potion of mutation]
 47185 | Depths:4 | Gained mutation: Your flesh is cold resistant. (rC+)
                  | [potion of mutation]
 47185 | Depths:4 | Lost mutation: Your spells are a little easier to cast, but
                  | a little less powerful. [potion of mutation]
 47286 | Depths:4 | 47286 ||| Stepping ~*~*~tactically~*~*~ (stealth).
 47287 | Depths:4 | 47287 ||| Stepping ~*~*~tactically~*~*~ (stealth).
 47288 | Depths:4 | 47288 ||| INVOKING Finesse.
 47299 | Depths:4 | 47299 ||| Stepping ~*~*~tactically~*~*~ (stealth).
 47311 | Depths:4 | 47311 ||| INVOKING Heroism.
 47327 | Depths:4 | Reached XP level 24. HP: 151/168 MP: 18/30
 47370 | Depths:4 | 47370 ||| DROPPING +0 ice dragon scales.
 47519 | Depths:4 | 47519 ||| Stepping ~*~*~tactically~*~*~ (hiding).
 47520 | Depths:4 | 47520 ||| INVOKING Heroism.
 47594 | Depths:4 | 47594 ||| INVOKING Heroism.
 47663 | Depths:4 | Found a gate to the Realm of Zot.
 47673 | Depths:4 | 47673 ||| Stepping ~*~*~tactically~*~*~ (stealth).
 47675 | Depths:4 | 47675 ||| Stepping ~*~*~tactically~*~*~ (hiding).
 47746 | Depths:4 | 47746 ||| PLANNING VAULTS:5
 48020 | Vaults:5 | Entered Level 5 of the Vaults
 48021 | Vaults:5 | 48021 ||| INVOKING Heroism.
 48022 | Vaults:5 | 48022 ||| STAIRDANCE
 48039 | Vaults:5 | 48039 ||| STAIRDANCE
 48042 | Vaults:4 | Gained mutation: You sometimes lose your temper in combat.
                  | [hidden defects]
 48042 | Vaults:4 | Lost mutation: You have hidden genetic defects. [hidden
                  | defects expressed]
 48051 | Vaults:4 | Received a gift from Okawaru
 48053 | Vaults:4 | 48053 ||| DRINKING 13 potions of mutation.
 48053 | Vaults:4 | Lost mutation: Your flesh is cold resistant. (rC+) [potion
                  | of mutation]
 48053 | Vaults:4 | Lost mutation: You sometimes lose your temper in combat.
                  | [potion of mutation]
 48053 | Vaults:4 | Gained mutation: You sometimes lose your temper in combat.
                  | [potion of mutation]
 48053 | Vaults:4 | Gained mutation: You are vulnerable to heat. (rF-) [potion
                  | of mutation]
 48053 | Vaults:4 | Gained mutation: You have supernaturally acute eyesight.
                  | (SInv) [potion of mutation]
 48053 | Vaults:4 | Gained mutation: You are covered in fur. (AC +1) [potion of
                  | mutation]
 48054 | Vaults:4 | 48054 ||| DRINKING 12 potions of mutation.
 48054 | Vaults:4 | Lost mutation: You have supernaturally acute eyesight.
                  | (SInv) [potion of mutation]
 48054 | Vaults:4 | Lost mutation: You are covered in fur. (AC +1) [potion of
                  | mutation]
 48054 | Vaults:4 | Gained mutation: You are frail. (-10% HP) [potion of
                  | mutation]
 48054 | Vaults:4 | Gained mutation: You occasionally shout uncontrollably at
                  | your foes. [potion of mutation]
 48054 | Vaults:4 | Gained mutation: Your movements are slightly less
                  | encumbered by armour. (ER -2) [potion of mutation]
 48055 | Vaults:4 | 48055 ||| DRINKING 11 potions of mutation.
 48055 | Vaults:4 | Lost mutation: You are vulnerable to heat. (rF-) [potion of
                  | mutation]
 48055 | Vaults:4 | Lost mutation: Your movements are slightly less encumbered
                  | by armour. (ER -2) [potion of mutation]
 48055 | Vaults:4 | Gained mutation: You are occasionally teleported next to
                  | monsters. [potion of mutation]
 48055 | Vaults:4 | Gained mutation: Your body sometimes deteriorates upon
                  | taking damage. [potion of mutation]
 48056 | Vaults:4 | 48056 ||| DRINKING 10 potions of mutation.
 48056 | Vaults:4 | Lost mutation: You occasionally shout uncontrollably at
                  | your foes. [potion of mutation]
 48056 | Vaults:4 | Lost mutation: You are frail. (-10% HP) [potion of
                  | mutation]
 48056 | Vaults:4 | Lost mutation: You are occasionally teleported next to
                  | monsters. [potion of mutation]
 48056 | Vaults:4 | Gained mutation: You have sharp toenails. [potion of
                  | mutation]
 48056 | Vaults:4 | Gained mutation: Potions are less effective at restoring
                  | your health. [potion of mutation]
 48070 | Vaults:4 | 48070 ||| DRINKING 9 potions of mutation.
 48070 | Vaults:4 | Lost mutation: Potions are less effective at restoring your
                  | health. [potion of mutation]
 48070 | Vaults:4 | Lost mutation: Your body sometimes deteriorates upon taking
                  | damage. [potion of mutation]
 48070 | Vaults:4 | Gained mutation: You occasionally shout uncontrollably at
                  | your foes. [potion of mutation]
 48071 | Vaults:4 | 48071 ||| DRINKING 8 potions of mutation.
 48071 | Vaults:4 | Lost mutation: You have sharp toenails. [potion of
                  | mutation]
 48071 | Vaults:4 | Lost mutation: You sometimes lose your temper in combat.
                  | [potion of mutation]
 48071 | Vaults:4 | Lost mutation: You occasionally shout uncontrollably at
                  | your foes. [potion of mutation]
 48071 | Vaults:4 | Gained mutation: You have hidden genetic potential. [potion
                  | of mutation]
 48071 | Vaults:4 | Gained mutation: You are strong-willed. (Will+) [potion of
                  | mutation]
 48071 | Vaults:4 | Gained mutation: You occasionally shout uncontrollably at
                  | your foes. [potion of mutation]
 48078 | Vaults:5 | 48078 ||| STAIRDANCE
 48078 | Vaults:5 | Noticed an ancient lich
 48080 | Vaults:4 | 48080 ||| INVOKING Heroism.
 48085 | Vaults:4 | Reached skill level 21 in Armour
 48125 | Vaults:5 | 48125 ||| STAIRDANCE
 48151 | Vaults:5 | Identified the ring "Fuduzaus" {Drain rElec rPois rCorr
                  | AC+4}
 48152 | Vaults:5 | 48152 ||| STAIRDANCE
 48154 | Vaults:4 | 48154 ||| INVOKING Heroism.
 48196 | Vaults:5 | 48196 ||| STAIRDANCE
 48198 | Vaults:4 | 48198 ||| INVOKING Heroism.
 48258 | Vaults:5 | Noticed a dread lich
 48259 | Vaults:5 | 48259 ||| STAIRDANCE
 48261 | Vaults:4 | 48261 ||| INVOKING Heroism.
 48281 | Vaults:5 | 48281 ||| STAIRDANCE
 48283 | Vaults:4 | 48283 ||| INVOKING Finesse.
 48288 | Vaults:4 | Killed a dread lich
 48288 | Vaults:4 | Received a gift from Okawaru
 48327 | Vaults:5 | 48327 ||| STAIRDANCE
 48329 | Vaults:4 | 48329 ||| INVOKING Heroism.
 48354 | Vaults:5 | 48354 ||| STAIRDANCE
 48358 | Vaults:4 | Reached skill level 23 in Fighting
 48374 | Vaults:5 | 48374 ||| STAIRDANCE
 48376 | Vaults:4 | 48376 ||| INVOKING Finesse.
 48384 | Vaults:4 | Killed an ancient lich
 48415 | Vaults:5 | 48415 ||| STAIRDANCE
 48434 | Vaults:5 | 48434 ||| STAIRDANCE
 48445 | Vaults:5 | Noticed a dread lich
 48446 | Vaults:5 | 48446 ||| INVOKING Heroism.
 48447 | Vaults:5 | Noticed a dread lich
 48447 | Vaults:5 | 48447 ||| INVOKING Finesse.
 48448 | Vaults:5 | 48448 ||| STAIRDANCE
 48453 | Vaults:4 | Received a gift from Okawaru
 48504 | Vaults:5 | 48504 ||| STAIRDANCE
 48506 | Vaults:4 | 48506 ||| INVOKING Heroism.
 48507 | Vaults:4 | 48507 ||| INVOKING Finesse.
 48515 | Vaults:4 | Killed a dread lich
 48574 | Vaults:5 | 48574 ||| STAIRDANCE
 48616 | Vaults:5 | 48616 ||| INVOKING Heroism.
 48617 | Vaults:5 | 48617 ||| INVOKING Finesse.
 48636 | Vaults:5 | 48636 ||| STAIRDANCE
 48636 | Vaults:5 | HP: 31/171 [something (21)]
 48638 | Vaults:4 | 48638 ||| READING 13 scrolls of teleportation.
 48639 | Vaults:4 | 48639 ||| DRINKING 9 potions of heal wounds.
 48796 | Vaults:4 | 48796 ||| UPGRADING to ring "Fuduzaus" {Drain rElec rPois
                  | rCorr AC+4}.
 48798 | Vaults:4 | 48798 ||| DROPPING +4 ring of slaying {mikee}.
 48802 | Vaults:5 | 48802 ||| STAIRDANCE
 48804 | Vaults:4 | 48804 ||| INVOKING Heroism.
 48805 | Vaults:4 | 48805 ||| INVOKING Finesse.
 48822 | Vaults:4 | Killed a dread lich
 48870 | Vaults:5 | 48870 ||| STAIRDANCE
 48884 | Vaults:5 | 48884 ||| INVOKING Heroism.
 48884 | Vaults:5 | Identified the +4 great sword of Exquisite Torment
                  | {protect, rPois Str-5 Int+8}
 48902 | Vaults:5 | HP: 36/171 [yaktaur/bolt[a yaktaur captain] (10)]
 48903 | Vaults:5 | 48903 ||| READING 12 scrolls of teleportation.
 48903 | Vaults:5 | HP: 14/171 [titan (24)]
 48903 | Vaults:5 | HP: 3/171 [yaktaur captain/bolt (11)]
 48904 | Vaults:5 | 48904 ||| DRINKING 8 potions of heal wounds.
 48904 | Vaults:5 | Shot with a bolt by a yaktaur captain

Levels and vault maps discovered:
D:1:      amcnicky_arrival_choice, layout_basic
D:2:      layout_basic, serial_co_window_serial, co_window_paths_b,
          co_window_paths_a, co_window_of_opportunity_a,
          co_window_of_opportunity_a, co_window_cross_1, co_window_paths_a,
          co_window_cross_1, co_window_of_opportunity_b,
          co_window_of_opportunity_b, co_window_broadway_c, co_window_paths_c,
          glass_columns_a, glass_columns_a, glass_columns_a, glass_columns_a,
          basic_altar, kennysheep_doodads
D:3:      layout_basic, serial_curves, eino_curves_01, eino_curves_04,
          eino_curves_04, hellmonk_ecumenical_altar_lost_god
D:4:      kennysheep_the_goblin_king, layout_gridville, dk_noncrumbling_2,
          minmay_misc_feat_room, uniq_sigmund, uniq_ijyb
D:5:      layout_gridville, minmay_overflow_temple_hex, kennysheep_mini_moat,
          wad_rectangle_vault, uniq_blork_the_orc
D:6:      layout_basic, gammafunk_ghost_necromancy,
          nicolae_concentric_dashed_squares_wild
D:7:      layout_basic, minmay_temple_entry_tees, gammafunk_ghost_arena,
          uniq_maggie, uniq_crazy_yiuf_cottage
D:8:      cheibrodos_helix_gallery, layout_basic, erik_lair_island, st_stairs_4,
          roderic_roman_lattice
D:9:      minmay_octagon_keep, layout_layer_cave,
          gammafunk_temple_overflow_pools, ebering_ghost_xom, uniq_erolcha,
          uniq_erica
D:10:     layout_roguey [special_room_orc], serial_park_tiny_1
D:11:     layout_loops_ring, gauntlet_entry_generic,
          nicolae_uskayaw_dance_studio, uniq_psyche
D:12:     layout_cross, hiddenorc1_lemuel, serial_shops, shop, vehumet_statue,
          uniq_urug, uniq_snorg
D:13:     orc_temple, layout_basic, nicolae_trove_entry_diagonal,
          nicolae_elemental_shop, uniq_sonja
D:14:     wad_woods_stonehenge, layout_long_grid, ximxim_vaults_locker_room,
          grunt_decor_cap
D:15:     grunt_enter_depths_magical_seal, layout_rooms,
          einodemon_armed_red_devil_minivault
Lair:1:   gammafunk_indiana_jones, layout_regular_city, grunt_megastairs_2
Lair:2:   layout_regular_city, minmay_shoals_entry_centaurs,
          minmay_snake_entry_guardpost_medium
Lair:3:   layout_hall_layers, serial_bayou_lake_a
Lair:4:   layout_roguey
Lair:5:   gammafunk_lair_ancient_temple, layout_cave_pods,
          dpeg_slime_entry_enclosed, nicolae_volcano_entry_two_sided,
          serial_bayou_shore_b
Shoals:1: layout_shoals
Shoals:2: layout_shoals
Shoals:3: layout_shoals, uniq_polyphemus
Shoals:4: shoals_end_hangedman, layout_shoals, shoal_ilsuiw, serial_shops, shop
Snake:1:  layout_grid_maze, gammafunk_ghost_berserking_beasts
Snake:2:  layout_basic, basic_altar, st_stairs_12, serial_bayou_shore_b
Snake:3:  layout_misc_corridors
Snake:4:  snake_pit, layout_cave_town, serial_shops, shop
Orc:1:    layout_diamond_mine, serial_shops, nicolae_diamond_shop
Orc:2:    pubby_orc_utopia, uniq_donald, uniq_rupert
Vaults:1: v_misc_33, v_rooms_2, v_misc_13, nicolae_vaults_puzzle_piece,
          v_pattern_2, nicolae_vaults_little_squares_3, vaults_room_corners,
          nicolae_vaults_angled_halls, nicolae_vaults_little_squares_4,
          layout_vaults_omnigrid
Vaults:2: ontoclasm_vaults_bender, v_misc_3, hangedman_vaults_maws,
          nicolae_vaults_network_barrier, v_alt_pattern_6,
          nicolae_vaults_specimen_jars, st_star, nicolae_vaults_angled_halls,
          grunt_vaults_diagonal, v_misc_10, vaults_dpeg_encased_lava,
          layout_vaults_ring
Vaults:3: ontoclasm_vaults_tryst, dpeg_vaults_monster_box,
          hangedman_vaults_restitches, nicolae_vaults_network_star,
          vaults_dpeg_spiral, hangedman_vaults_nodes, blue_anna_dwarven_crypt,
          nicolae_vaults_border_crossing, ontoclasm_vaults_ligature,
          hangedman_vaults_trim, vaults_dpeg_diagonal,
          layout_vaults_chaotic_city, serial_shops, nicolae_shop_crystal,
          uniq_xtahua
Vaults:4: nicolae_vaults_little_squares_6, vaults_room_door_ring,
          nicolae_vaults_halls_meeting, v_misc_9, vaults_room_door_hall,
          hangedman_vaults_trim, vaults_room_mumra_shop_pool,
          vaults_room_fancy_cross, nicolae_vaults_little_squares_1,
          layout_vaults_omnicross
Vaults:5
Depths:1: layout_roguey, grunt_hell_horde, nicolae_hepliaklqana_hazy_memory,
          nicolae_wooded_promenade, hex_medium, yredelemnul_altar_generic
Depths:2: minmay_the_grid_triangle_9x9_recursive_2
          [minmay_the_grid_triangle_9x9_prize_insulated,
          minmay_the_grid_triangle_9x9_odd_lines,
          minmay_the_grid_triangle_9x9_warning,
          minmay_the_grid_triangle_9x9_thin_v], layout_cave_pools,
          enter_ziggurat_a, pf_hell_entry_tar_river, grunt_gozag_breadcrumbs,
          hangedman_abyss_entry_splay, rand_demon_pan_entry_7,
          hangedman_summoners_spam, infiniplex_staircase_zigzag_4
Depths:3: minmay_gate_of_8, layout_cave_pools, serial_shops, shop,
          mu_enter_wizlab_4, nemelex_lonely_heart_becter,
          gammafunk_ghost_tricky_traps, hell_entry, grunt_pan_entry_sceptre,
          abyss_entry_glasseish, grunt_ministairs_8, serial_bayou_shore_b
Depths:4: evilmike_zot_entry_basic, layout_basic, hell_entry, serial_rivers,
          chequers_serial_rivers_micro_e, chequers_serial_rivers_large_a,
          chequers_serial_rivers_small_3, chequers_serial_rivers_micro_a,
          chequers_serial_rivers_micro_e, chequers_serial_rivers_small_b

Skill      XL: |  1  2  3  4  5  6  7  8  9 10 11 12 13 14 15 16 17 18 19 20 21 22 23 24 |
---------------+-------------------------------------------------------------------------+-----
Axes           | 2 3 4 5 6 7 8 9 11 12 14 15 17 18 | 18.0
Dodging        | 1 2 3 4 5 6 7 8 9 10 | 10.0
Fighting       | 4 5 6 7 8 9 10 11 12 13 15 17 19 20 21 22 23 | 23.2
Armour         | 4 5 6 7 8 10 11 12 13 14 15 18 20 22 | 22.0
Invocations    | 2 4 9 10 | 10.0
Shields        | 4 6 10 11 12 16 17 18 19 20 21 22 | 22.0
Throwing       | 1 4 5 6 7 9 10 11 12 | 12.0

Action                   |  1- 3 |  4- 6 |  7- 9 | 10-12 | 13-15 | 16-18 | 19-21 | 22-24 || total
-------------------------+-------+-------+-------+-------+-------+-------+-------+-------++-------
Melee: War axe           |   103 |   140 |   293 |   411 |   194 |       |       |       ||  1141
       Flail             |       |       |       |    18 |       |       |       |       ||    18
       Broad axe         |       |       |       |       |   621 |  1156 |  1040 |  1152 ||  3969
       Morningstar       |       |       |       |       |    18 |       |       |       ||    18
Throw: Boomerang         |       |       |       |    19 |    95 |    69 |       |     9 ||   192
       Javelin           |       |       |       |     1 |    67 |    61 |    65 |    93 ||   287
Invok: Heroism           |       |       |     9 |    26 |    42 |    66 |    36 |    48 ||   227
       Finesse           |       |       |       |     4 |    15 |    13 |     3 |    22 ||    57
  Use: Scroll            |     6 |     5 |     7 |     7 |     7 |     4 |     1 |     3 ||    40
       Potion            |       |     1 |     3 |     1 |       |     1 |       |    10 ||    16
 Stab: Invisible         |       |       |       |       |       |       |     2 |       ||     2
Armor: Scale mail        |    53 |    36 |       |       |       |       |       |       ||    89
       Chain mail        |       |    32 |   139 |   188 |   209 |   264 |       |       ||   832
       Plate armour      |       |       |       |       |    24 |       |       |   372 ||   396
       Fire dragon scale |       |       |       |       |       |       |   315 |    45 ||   360
Dodge: Dodged            |    61 |    36 |    77 |   101 |   115 |   172 |   212 |   271 ||  1045
Block: Buckler           |    19 |    25 |    84 |    53 |       |       |       |       ||   181
       Reflection        |       |       |     2 |    14 |    40 |   164 |   142 |    36 ||   398
       Kite shield       |       |       |       |   252 |   307 |       |       |       ||   559
       Tower shield      |       |       |       |       |   316 |  1075 |  1093 |  1059 ||  3543

Table legend:
 A = Non-vault XP
 B = Vault XP
 C = Vault XP percentage of total XP
 D = Non-vault monster count
 E = Vault monster count
 F = Vault count percentage of total count
                 A         B        C        D         E       F
            +---------+---------+-------+---------+---------+-------
      Total |  544503 |  408847 |  42.9 |    1167 |     738 |  38.7
            +---------+---------+-------+---------+---------+-------
        D:1 |      44 |       0 |   0.0 |      26 |       0 |   0.0
        D:2 |      35 |       0 |   0.0 |      11 |       0 |   0.0
        D:3 |      18 |       0 |   0.0 |      10 |       0 |   0.0
        D:4 |     286 |     278 |  49.3 |      22 |       9 |  29.0
        D:5 |     850 |     325 |  27.7 |      18 |       7 |  28.0
        D:6 |     828 |       0 |   0.0 |      21 |       0 |   0.0
        D:7 |    1300 |     404 |  23.7 |      26 |       1 |   3.7
        D:8 |    2310 |    1807 |  43.9 |      28 |      12 |  30.0
        D:9 |    5179 |    3041 |  37.0 |      39 |      10 |  20.4
       D:10 |    3885 |     383 |   9.0 |      14 |      26 |  65.0
       D:11 |    6534 |     504 |   7.2 |      23 |       7 |  23.3
       D:12 |    6108 |    1976 |  24.4 |      28 |      20 |  41.7
       D:13 |    4557 |    6182 |  57.6 |       9 |      29 |  76.3
       D:14 |   11442 |    6271 |  35.4 |      18 |      19 |  51.4
       D:15 |    5416 |    5193 |  48.9 |      11 |      14 |  56.0
     Lair:1 |    1787 |     145 |   7.5 |      10 |       1 |   9.1
     Lair:2 |    9307 |    1529 |  14.1 |      27 |      11 |  28.9
     Lair:3 |    4496 |       0 |   0.0 |      17 |       0 |   0.0
     Lair:4 |    6386 |       0 |   0.0 |      15 |       0 |   0.0
     Lair:5 |   16623 |    8667 |  34.3 |      47 |      20 |  29.9
   Shoals:1 |   18485 |       0 |   0.0 |      38 |       0 |   0.0
   Shoals:2 |   28945 |       0 |   0.0 |      57 |       0 |   0.0
   Shoals:3 |   15694 |    4066 |  20.6 |      33 |       4 |  10.8
   Shoals:4 |   10482 |   19237 |  64.7 |      19 |      28 |  59.6
    Snake:1 |   21840 |       0 |   0.0 |      43 |       0 |   0.0
    Snake:2 |   17270 |     412 |   2.3 |      34 |       1 |   2.9
    Snake:3 |   19033 |       0 |   0.0 |      31 |       0 |   0.0
    Snake:4 |   21309 |   27322 |  56.2 |      45 |      40 |  47.1
      Orc:1 |    4044 |     979 |  19.5 |      36 |      12 |  25.0
      Orc:2 |       0 |   24673 | 100.0 |       0 |     144 | 100.0
   Vaults:1 |   34066 |   11234 |  24.8 |      53 |      18 |  25.4
   Vaults:2 |   30244 |   23789 |  44.0 |      39 |      29 |  42.6
   Vaults:3 |   32314 |   41619 |  56.3 |      48 |      49 |  50.5
   Vaults:4 |   54764 |   93596 |  63.1 |      73 |      84 |  53.5
   Vaults:5 |    3420 |   16704 |  83.0 |       9 |      14 |  60.9
   Depths:1 |   36356 |    8362 |  18.7 |      47 |       9 |  16.1
   Depths:2 |   29289 |   30526 |  51.0 |      40 |      35 |  46.7
   Depths:3 |   32317 |    4584 |  12.4 |      37 |       8 |  17.8
   Depths:4 |   45642 |    9227 |  16.8 |      55 |       8 |  12.7
     WizLab |    1598 |   48010 |  96.8 |      10 |      53 |  84.1
   Gauntlet |       0 |    7802 | 100.0 |       0 |      16 | 100.0
            +---------+---------+-------+---------+---------+-------
